Workbook
Name Cancela: #REF!,#REF!
Name fdsafs: #REF!,#REF!
Name fdsf: #REF!
Name Ganhos_e_perdas_de_receita: #REF!
Name Ganhos_e_Perdas_de_Receita_99: #REF!
Name Plan: #REF!
Name Planilha: #REF!
Name Planilha_1: #REF!,#REF!
Name Planilha_1ÁreaTotal: #REF!,#REF!
Name Planilha_1ÁreaTotal: #REF!,#REF!
Name Planilha_1ÁreaTotal: 'RREO-Anexo 07'!#REF!,'RREO-Anexo 07'!$H$18:$L$28
Name Planilha_1ÁreaTotal: #REF!,#REF!
Name Planilha_1ÁreaTotal: #REF!,#REF!
Name Planilha_1ÁreaTotal: #REF!,#REF!
Name Planilha_1ÁreaTotal: #REF!,#REF!
Name Planilha_1ÁreaTotal: #REF!,#REF!
Name Planilha_1CabGráfico: #REF!
Name Planilha_1CabGráfico: #REF!
Name Planilha_1CabGráfico: 'RREO-Anexo 07'!#REF!
Name Planilha_1CabGráfico: #REF!
Name Planilha_1CabGráfico: #REF!
Name Planilha_1CabGráfico: #REF!
Name Planilha_1CabGráfico: #REF!
Name Planilha_1CabGráfico: #REF!
Name Planilha_1TítCols: #REF!,#REF!
Name Planilha_1TítCols: #REF!,#REF!
Name Planilha_1TítCols: 'RREO-Anexo 07'!#REF!,'RREO-Anexo 07'!#REF!
Name Planilha_1TítCols: #REF!,#REF!
Name Planilha_1TítCols: #REF!,#REF!
Name Planilha_1TítCols: #REF!,#REF!
Name Planilha_1TítCols: #REF!,#REF!
Name Planilha_1TítCols: #REF!,#REF!
Name Planilha_1TítLins: #REF!
Name Planilha_1TítLins: #REF!
Name Planilha_1TítLins: 'RREO-Anexo 07'!#REF!
Name Planilha_1TítLins: #REF!
Name Planilha_1TítLins: #REF!
Name Planilha_1TítLins: #REF!
Name Planilha_1TítLins: #REF!
Name Planilha_1TítLins: #REF!
Name Planilha_2ÁreaTotal: #REF!,#REF!
Name Planilha_2ÁreaTotal: #REF!,#REF!
Name Planilha_2ÁreaTotal: #REF!,#REF!
Name Planilha_2ÁreaTotal: #REF!,#REF!
Name Planilha_2ÁreaTotal: #REF!,#REF!
Name Planilha_2ÁreaTotal: #REF!,#REF!
Name Planilha_2CabGráfico: #REF!
Name Planilha_2CabGráfico: #REF!
Name Planilha_2CabGráfico: #REF!
Name Planilha_2CabGráfico: #REF!
Name Planilha_2CabGráfico: #REF!
Name Planilha_2TítCols: #REF!,#REF!
Name Planilha_2TítCols: #REF!,#REF!
Name Planilha_2TítCols: #REF!,#REF!
Name Planilha_2TítCols: #REF!,#REF!
Name Planilha_2TítCols: #REF!,#REF!
Name Planilha_2TítCols: #REF!,#REF!
Name Planilha_2TítLins: #REF!
Name Planilha_2TítLins: #REF!
Name Planilha_2TítLins: #REF!

Sheet RREO-Anexo 01
A2: PREFEITURA MUNICIPAL DE INDAIATUBA
A3: Av. Eng. Fabio R. Barnabe, 2800 - Jd. Esplanada II
A4: C.N.P.J. 44.733.608/0001-09
A5: Telefone: (19) 3834-9000
A6: Tabela 1 - Balanço Orçamentário
A8: PREFEITURA MUNICIPAL DE INDAIATUBA
A9: RELATÓRIO RESUMIDO DA EXECUÇÃO ORÇAMENTÁRIA
A10: BALANÇO ORÇAMENTÁRIO
A11: ORÇAMENTOS FISCAL E DA SEGURIDADE SOCIAL
A12: Período: 6º Bimestre | B12: =IF(IFERROR(SEARCH("SEMESTRE",A12,1),0)>0,"Semestre",IF(IFERROR(SEARCH("QUADRIMESTRE",A12,1),0)>0,"Quadrimestre",IF(IFERROR(SEARCH("TRIMESTRE",A12,1),0)>0,"Trimestre",IF(IFERROR(SEARCH("BIMESTRE",A12,1),0)>0,"Bimestre","Mês")))) -> Bimestre
A17: RREO - Anexo 1 (LRF, Art. 52, inciso I, alíneas "a" e "b" do inciso II e §1º) | H17: Em Reais
B18: PREVISÃO INICIAL | C18: PREVISÃO ATUALIZADA | D18: RECEITAS REALIZADAS | H18: SALDO
A19: RECEITAS | C19: ATUALIZADA | D19: =CONCATENATE("No ", B12) -> No Bimestre | E19: % | F19: =CONCATENATE("Até o ", B12) -> Até o Bimestre | G19: %
C20: (a) | D20: (b) | E20: (b/a) | F20: (c) | G20: (c/a) | H20: (a-c)
A21: RECEITAS (EXCETO INTRA-ORÇAMENTÁRIAS) (I) | B21: =B22+B62 -> 994132950 | C21: =C22+C62 -> 1.0364749e+09 | D21: =D22+D62 -> 2.2463663e+08 | E21: =IF(C21>0,D21/C21,0)*100 -> 21.673138 | F21: =F22+F62 -> 1.2920405e+09 | G21: =IF(C21>0,F21/C21,0)*100 -> 124.65719 | H21: =C21-F21 -> -2.5556564e+08
A22: RECEITAS CORRENTES | B22: =B23+B27+B32+B40+B41+B42+B48+B57 -> 993197950 | C22: =C23+C27+C32+C40+C41+C42+C48+C57 -> 1.0186165e+09 | D22: =D23+D27+D32+D40+D41+D42+D48+D57 -> 2.2448695e+08 | E22: =IF(C22>0,D22/C22,0)*100 -> 22.038417 | F22: =F23+F27+F32+F40+F41+F42+F48+F57 -> 1.288262e+09 | G22: =IF(C22>0,F22/C22,0)*100 -> 126.47174 | H22: =C22-F22 -> -2.6964551e+08
A23: IMPOSTOS, TAXAS E CONTRIBUIÇÕES DE MELHORIA | B23: =SUM(B24:B26) -> 281094500 | C23: =SUM(C24:C26) -> 2.8253601e+08 | D23: =SUM(D24:D26) -> 60549359 | E23: =IF(C23>0,D23/C23,0)*100 -> 21.43067 | F23: =SUM(F24:F26) -> 3.340093e+08 | G23: =IF(C23>0,F23/C23,0)*100 -> 118.21831 | H23: =C23-F23 -> -51473292
A24: Impostos | B24: 251018500 | C24: 2.5206601e+08 | D24: 55606931 | E24: =IF(C24>0,D24/C24,0)*100 -> 22.060464 | F24: 2.9903195e+08 | G24: =IF(C24>0,F24/C24,0)*100 -> 118.6324 | H24: =C24-F24 -> -46965943
A25: Taxas | B25: 29958000 | C25: 30352000 | D25: 4900928 | E25: =IF(C25>0,D25/C25,0)*100 -> 16.146969 | F25: 34656965 | G25: =IF(C25>0,F25/C25,0)*100 -> 114.18347 | H25: =C25-F25 -> -4304965.4
A26: Contribuição de Melhoria | B26: 118000 | C26: 118000 | D26: 41499.87 | E26: =IF(C26>0,D26/C26,0)*100 -> 35.169381 | F26: 320383.05 | G26: =IF(C26>0,F26/C26,0)*100 -> 271.51106 | H26: =C26-F26 -> -202383.05
A27: CONTRIBUIÇÕES | B27: =SUM(B28:B31) -> 58798350 | C27: =SUM(C28:C31) -> 58798350 | D27: =SUM(D28:D31) -> 10914460 | E27: =IF(C27>0,D27/C27,0)*100 -> 18.562528 | F27: =SUM(F28:F31) -> 62610101 | G27: =IF(C27>0,F27/C27,0)*100 -> 106.48275 | H27: =C27-F27 -> -3811750.7
A28: Contribuições Sociais | B28: 34198350 | C28: 34198350 | D28: 6980524 | E28: =IF(C28>0,D28/C28,0)*100 -> 20.411874 | F28: 38627259 | G28: =IF(C28>0,F28/C28,0)*100 -> 112.95065 | H28: =C28-F28 -> -4428909.2
A29: Contribuições Econômicas | E29: =IF(C29>0,D29/C29,0)*100 -> 0 | G29: =IF(C29>0,F29/C29,0)*100 -> 0 | H29: =C29-F29 -> 0
A30: Contribuições para Entidades Privadas de Serviço Social └ e de Formação Profissional | E30: =IF(C30>0,D30/C30,0)*100 -> 0 | G30: =IF(C30>0,F30/C30,0)*100 -> 0 | H30: =C30-F30 -> 0
A31: Contribuição para o Custeio do Serviço de Iluminação └ Pública | B31: 24600000 | C31: 24600000 | D31: 3933936.1 | E31: =IF(C31>0,D31/C31,0)*100 -> 15.99161 | F31: 23982842 | G31: =IF(C31>0,F31/C31,0)*100 -> 97.491226 | H31: =C31-F31 -> 617158.46
A32: RECEITA PATRIMONIAL | B32: =SUM(B33:B39) -> 25122740 | C32: =SUM(C33:C39) -> 26096598 | D32: =SUM(D33:D39) -> 21704748 | E32: =IF(C32>0,D32/C32,0)*100 -> 83.170796 | F32: =SUM(F33:F39) -> 2.069146e+08 | G32: =IF(C32>0,F32/C32,0)*100 -> 792.87957 | H32: =C32-F32 -> -1.80818e+08
A33: Exploração do Patrimônio Imobiliário do Estado | B33: 546000 | C33: 546000 | D33: 163671.89 | E33: =IF(C33>0,D33/C33,0)*100 -> 29.976537 | F33: 819917.06 | G33: =IF(C33>0,F33/C33,0)*100 -> 150.16796 | H33: =C33-F33 -> -273917.06
A34: Valores Mobiliários | B34: 24003740 | C34: 24977598 | D34: 21428565 | E34: =IF(C34>0,D34/C34,0)*100 -> 85.791136 | F34: 2.0543414e+08 | G34: =IF(C34>0,F34/C34,0)*100 -> 822.47354 | H34: =C34-F34 -> -1.8045654e+08
A35: Delegação de Serviços Públicos Mediante Concessão, └ Permissão, Autorização ou Licença | B35: 465000 | C35: 465000 | D35: 89991.41 | E35: =IF(C35>0,D35/C35,0)*100 -> 19.352991 | F35: 550752.81 | G35: =IF(C35>0,F35/C35,0)*100 -> 118.44146 | H35: =C35-F35 -> -85752.81
A36: Exploração de Recursos Naturais | E36: =IF(C36>0,D36/C36,0)*100 -> 0 | G36: =IF(C36>0,F36/C36,0)*100 -> 0 | H36: =C36-F36 -> 0
A37: Exploração do Patrimônio Intangível | E37: =IF(C37>0,D37/C37,0)*100 -> 0 | G37: =IF(C37>0,F37/C37,0)*100 -> 0 | H37: =C37-F37 -> 0
A38: Cessão de Direitos | B38: 108000 | C38: 108000 | D38: 22519.79 | E38: =IF(C38>0,D38/C38,0)*100 -> 20.851657 | F38: 109791.31 | G38: =IF(C38>0,F38/C38,0)*100 -> 101.65862 | H38: =C38-F38 -> -1791.31
A39: Demais Receitas Patrimoniais | E39: =IF(C39>0,D39/C39,0)*100 -> 0 | G39: =IF(C39>0,F39/C39,0)*100 -> 0 | H39: =C39-F39 -> 0
A40: RECEITA AGROPECUÁRIA | E40: =IF(C40>0,D40/C40,0)*100 -> 0 | G40: =IF(C40>0,F40/C40,0)*100 -> 0 | H40: =C40-F40 -> 0
A41: RECEITA INDUSTRIAL | E41: =IF(C41>0,D41/C41,0)*100 -> 0 | G41: =IF(C41>0,F41/C41,0)*100 -> 0 | H41: =C41-F41 -> 0
A42: RECEITA DE SERVIÇOS | B42: =SUM(B43:B47) -> 114422000 | C42: =SUM(C43:C47) -> 1.1834781e+08 | D42: =SUM(D43:D47) -> 22979245 | E42: =IF(C42>0,D42/C42,0)*100 -> 19.416706 | F42: =SUM(F43:F47) -> 1.2349639e+08 | G42: =IF(C42>0,F42/C42,0)*100 -> 104.35038 | H42: =C42-F42 -> -5148581.8
A43: Serviços Administrativos e Comerciais Gerais | B43: 112860000 | C43: 1.1678581e+08 | D43: 22613833 | E43: =IF(C43>0,D43/C43,0)*100 -> 19.363511 | F43: 1.2130771e+08 | G43: =IF(C43>0,F43/C43,0)*100 -> 103.87196 | H43: =C43-F43 -> -4521902
A44: Serviços e Atividades Referentes à Navegação e ao └ Transporte | B44: 544000 | C44: 544000 | D44: 72486.06 | E44: =IF(C44>0,D44/C44,0)*100 -> 13.324643 | F44: 511833.59 | G44: =IF(C44>0,F44/C44,0)*100 -> 94.087057 | H44: =C44-F44 -> 32166.41
A45: Serviços e Atividades referentes à Saúde | E45: =IF(C45>0,D45/C45,0)*100 -> 0 | G45: =IF(C45>0,F45/C45,0)*100 -> 0 | H45: =C45-F45 -> 0
A46: Serviços e Atividades Financeiras | E46: =IF(C46>0,D46/C46,0)*100 -> 0 | G46: =IF(C46>0,F46/C46,0)*100 -> 0 | H46: =C46-F46 -> 0
A47: Outros Serviços | B47: 1018000 | C47: 1018000 | D47: 292926.72 | E47: =IF(C47>0,D47/C47,0)*100 -> 28.774727 | F47: 1676846.2 | G47: =IF(C47>0,F47/C47,0)*100 -> 164.71967 | H47: =C47-F47 -> -658846.22
A48: TRANSFERÊNCIAS CORRENTES | B48: =SUM(B49:B56) -> 502614460 | C48: =SUM(C49:C56) -> 5.2169182e+08 | D48: =SUM(D49:D56) -> 1.0501543e+08 | E48: =IF(C48>0,D48/C48,0)*100 -> 20.129783 | F48: =SUM(F49:F56) -> 5.4316401e+08 | G48: =IF(C48>0,F48/C48,0)*100 -> 104.11588 | H48: =C48-F48 -> -21472186
A49: Transferências da União e de suas Entidades | B49: 136433800 | C49: 1.4402635e+08 | D49: 34069992 | E49: =IF(C49>0,D49/C49,0)*100 -> 23.655388 | F49: 1.5184886e+08 | G49: =IF(C49>0,F49/C49,0)*100 -> 105.43131 | H49: =C49-F49 -> -7822514.7
A50: Transferências dos Estados e do Distrito Federal e de └ suas Entidades | B50: 255089160 | C50: 2.5620638e+08 | D50: 47155700 | E50: =IF(C50>0,D50/C50,0)*100 -> 18.405357 | F50: 2.6943034e+08 | G50: =IF(C50>0,F50/C50,0)*100 -> 105.16145 | H50: =C50-F50 -> -13223958
A51: Transferências dos Municípios e de suas Entidades | B51: 0 | C51: 195000 | D51: 79795.5 | E51: =IF(C51>0,D51/C51,0)*100 -> 40.920769 | F51: 79795.5 | G51: =IF(C51>0,F51/C51,0)*100 -> 40.920769 | H51: =C51-F51 -> 115204.5
A52: Transferências de Instituições Privadas | B52: 1091500 | C52: 1091500 | D52: 1293420.1 | E52: =IF(C52>0,D52/C52,0)*100 -> 118.49932 | F52: 1903892 | G52: =IF(C52>0,F52/C52,0)*100 -> 174.42895 | H52: =C52-F52 -> -812392.03
A53: Transferências de Outras Instituições Públicas | B53: 110000000 | C53: 1.2017259e+08 | D53: 22416526 | E53: =IF(C53>0,D53/C53,0)*100 -> 18.65361 | F53: 1.1990111e+08 | G53: =IF(C53>0,F53/C53,0)*100 -> 99.774096 | H53: =C53-F53 -> 271474.47
A54: Transferências do Exterior | E54: =IF(C54>0,D54/C54,0)*100 -> 0 | G54: =IF(C54>0,F54/C54,0)*100 -> 0 | H54: =C54-F54 -> 0
A55: Transferências de Pessoas Físicas | E55: =IF(C55>0,D55/C55,0)*100 -> 0 | G55: =IF(C55>0,F55/C55,0)*100 -> 0 | H55: =C55-F55 -> 0
A56: Transferências Provenientes de Depósitos Não └ Identificados | E56: =IF(C56>0,D56/C56,0)*100 -> 0 | G56: =IF(C56>0,F56/C56,0)*100 -> 0 | H56: =C56-F56 -> 0
A57: OUTRAS RECEITAS CORRENTES | B57: =SUM(B58:B61) -> 11145900 | C57: =SUM(C58:C61) -> 11145900 | D57: =SUM(D58:D61) -> 3323699.8 | E57: =IF(C57>0,D57/C57,0)*100 -> 29.819932 | F57: =SUM(F58:F61) -> 18067600 | G57: =IF(C57>0,F57/C57,0)*100 -> 162.10086 | H57: =C57-F57 -> -6921699.9
A58: Multas Administrativas, Contratuais e Judiciais | B58: 5468100 | C58: 5468100 | D58: 1845617.8 | E58: =IF(C58>0,D58/C58,0)*100 -> 33.752452 | F58: 8209751 | G58: =IF(C58>0,F58/C58,0)*100 -> 150.13901 | H58: =C58-F58 -> -2741651
A59: Indenizações, Restituições e Ressarcimentos | B59: 721600 | C59: 721600 | D59: 235073.29 | E59: =IF(C59>0,D59/C59,0)*100 -> 32.576675 | F59: 1172687.3 | G59: =IF(C59>0,F59/C59,0)*100 -> 162.5121 | H59: =C59-F59 -> -451087.33
A60: Bens, Direitos e Valores Incorporados ao Patrimônio └ Público | E60: =IF(C60>0,D60/C60,0)*100 -> 0 | G60: =IF(C60>0,F60/C60,0)*100 -> 0 | H60: =C60-F60 -> 0
A61: Demais Receitas Correntes | B61: 4956200 | C61: 4956200 | D61: 1243008.7 | E61: =IF(C61>0,D61/C61,0)*100 -> 25.079873 | F61: 8685161.6 | G61: =IF(C61>0,F61/C61,0)*100 -> 175.23832 | H61: =C61-F61 -> -3728961.6
A62: RECEITAS DE CAPITAL | B62: =B63+B66+B71+B80 -> 935000 | C62: =C63+C66+C71+C80 -> 17858428 | D62: =D63+D66+D71+D80 -> 149689.19 | E62: =IF(C62>0,D62/C62,0)*100 -> 0.83819913 | F62: =F63+F66+F71+F80 -> 3778557.3 | G62: =IF(C62>0,F62/C62,0)*100 -> 21.158398 | H62: =C62-F62 -> 14079871
A63: OPERAÇÕES DE CRÉDITO | B63: =SUM(B64:B65) -> 0 | C63: =SUM(C64:C65) -> 15282109 | D63: =SUM(D64:D65) -> 0 | E63: =IF(C63>0,D63/C63,0)*100 -> 0 | F63: =SUM(F64:F65) -> 448485.81 | G63: =IF(C63>0,F63/C63,0)*100 -> 2.9347115 | H63: =C63-F63 -> 14833623
A64: Operações de Crédito - Mercado Interno | B64: 0 | C64: 15282109 | D64: 0 | E64: =IF(C64>0,D64/C64,0)*100 -> 0 | F64: 448485.81 | G64: =IF(C64>0,F64/C64,0)*100 -> 2.9347115 | H64: =C64-F64 -> 14833623
A65: Operações de Crédito - Mercado Externo | E65: =IF(C65>0,D65/C65,0)*100 -> 0 | G65: =IF(C65>0,F65/C65,0)*100 -> 0 | H65: =C65-F65 -> 0
A66: ALIENAÇÃO DE BENS | B66: =SUM(B67:B70) -> 20000 | C66: =SUM(C67:C70) -> 20000 | D66: =SUM(D67:D70) -> -27592.88 | E66: =IF(C66>0,D66/C66,0)*100 -> -137.9644 | F66: =SUM(F67:F70) -> 1930939.5 | G66: =IF(C66>0,F66/C66,0)*100 -> 9654.6977 | H66: =C66-F66 -> -1910939.5
A67: Alienação de Bens Móveis | E67: =IF(C67>0,D67/C67,0)*100 -> 0 | G67: =IF(C67>0,F67/C67,0)*100 -> 0 | H67: =C67-F67 -> 0
A68: Alienação de Bens Imóveis | B68: 20000 | C68: 20000 | D68: -27592.88 | E68: =IF(C68>0,D68/C68,0)*100 -> -137.9644 | F68: 1930939.5 | G68: =IF(C68>0,F68/C68,0)*100 -> 9654.6977 | H68: =C68-F68 -> -1910939.5
A69: Alienação de Bens Intangíveis | E69: =IF(C69>0,D69/C69,0)*100 -> 0 | G69: =IF(C69>0,F69/C69,0)*100 -> 0 | H69: =C69-F69 -> 0
A70: AMORTIZAÇÕES DE EMPRÉSTIMOS | E70: =IF(C70>0,D70/C70,0)*100 -> 0 | G70: =IF(C70>0,F70/C70,0)*100 -> 0 | H70: =C70-F70 -> 0
A71: TRANSFERÊNCIAS DE CAPITAL | B71: =SUM(B72:B79) -> 915000 | C71: =SUM(C72:C79) -> 2556319.4 | D71: =SUM(D72:D79) -> 177282.07 | E71: =IF(C71>0,D71/C71,0)*100 -> 6.9350515 | F71: =SUM(F72:F79) -> 1399131.9 | G71: =IF(C71>0,F71/C71,0)*100 -> 54.732281 | H71: =C71-F71 -> 1157187.5
A72: Transferências da União e de suas Entidades | B72: 0 | C72: 0 | D72: 177282.07 | E72: =IF(C72>0,D72/C72,0)*100 -> 0 | F72: 483572.95 | G72: =IF(C72>0,F72/C72,0)*100 -> 0 | H72: =C72-F72 -> -483572.95
A73: Transferências dos Estados e do Distrito Federal e de └ suas Entidades | B73: 915000 | C73: 2543819.4 | D73: 0 | E73: =IF(C73>0,D73/C73,0)*100 -> 0 | F73: 915558.99 | G73: =IF(C73>0,F73/C73,0)*100 -> 35.991509 | H73: =C73-F73 -> 1628260.4
A74: Transferências dos Municípios e de suas Entidades | B74: 0 | C74: 12500 | D74: 0 | E74: =IF(C74>0,D74/C74,0)*100 -> 0 | F74: 0 | G74: =IF(C74>0,F74/C74,0)*100 -> 0 | H74: =C74-F74 -> 12500
A75: Transferências de Instituições Privadas | E75: =IF(C75>0,D75/C75,0)*100 -> 0 | G75: =IF(C75>0,F75/C75,0)*100 -> 0 | H75: =C75-F75 -> 0
A76: Transferências de Outras Instituições Públicas | E76: =IF(C76>0,D76/C76,0)*100 -> 0 | G76: =IF(C76>0,F76/C76,0)*100 -> 0 | H76: =C76-F76 -> 0
A77: Transferências do Exterior | E77: =IF(C77>0,D77/C77,0)*100 -> 0 | G77: =IF(C77>0,F77/C77,0)*100 -> 0 | H77: =C77-F77 -> 0
A78: Transferências de Pessoas Físicas | E78: =IF(C78>0,D78/C78,0)*100 -> 0 | G78: =IF(C78>0,F78/C78,0)*100 -> 0 | H78: =C78-F78 -> 0
A79: Transferências Provenientes de Depósitos Não └ Identificados | E79: =IF(C79>0,D79/C79,0)*100 -> 0 | G79: =IF(C79>0,F79/C79,0)*100 -> 0 | H79: =C79-F79 -> 0
A80: OUTRAS RECEITAS DE CAPITAL | B80: =SUM(B81:B84) -> 0 | C80: =SUM(C81:C84) -> 0 | D80: =SUM(D81:D84) -> 0 | E80: =IF(C80>0,D80/C80,0)*100 -> 0 | F80: =SUM(F81:F84) -> 0 | G80: =IF(C80>0,F80/C80,0)*100 -> 0 | H80: =C80-F80 -> 0
A81: Integralização do Capital Social | E81: =IF(C81>0,D81/C81,0)*100 -> 0 | G81: =IF(C81>0,F81/C81,0)*100 -> 0 | H81: =C81-F81 -> 0
A82: Remuneração das Disponibilidades do Tesouro | E82: =IF(C82>0,D82/C82,0)*100 -> 0 | G82: =IF(C82>0,F82/C82,0)*100 -> 0 | H82: =C82-F82 -> 0
A83: Resgate de Títulos do Tesouro | E83: =IF(C83>0,D83/C83,0)*100 -> 0 | G83: =IF(C83>0,F83/C83,0)*100 -> 0 | H83: =C83-F83 -> 0
A84: Demais Receitas de Capital | E84: =IF(C84>0,D84/C84,0)*100 -> 0 | G84: =IF(C84>0,F84/C84,0)*100 -> 0 | H84: =C84-F84 -> 0
A85: RECEITAS (INTRA-ORÇAMENTÁRIAS) (II) | B85: =B140 -> 84867050 | C85: =C140 -> 84867050 | D85: =D140 -> 17301345 | E85: =IF(C85>0,D85/C85,0)*100 -> 20.386411 | F85: =F140 -> 98622675 | G85: =IF(C85>0,F85/C85,0)*100 -> 116.20844 | H85: =C85-F85 -> -13755625
A86: SUBTOTAL DAS RECEITAS (III) = (I + II) | B86: =B85+B21 -> 1079000000 | C86: =C85+C21 -> 1.121342e+09 | D86: =D85+D21 -> 2.4193798e+08 | E86: =IF(C86>0,D86/C86,0)*100 -> 21.575754 | F86: =F85+F21 -> 1.3906632e+09 | G86: =IF(C86>0,F86/C86,0)*100 -> 124.01776 | H86: =C86-F86 -> -2.6932126e+08
A87: OPERAÇÕES DE CRÉDITO / REFINANCIAMENTO (IV) | B87: =B88+B91 -> 0 | C87: =C88+C91 -> 0 | D87: =D88+D91 -> 0 | E87: =IF(C87>0,D87/C87,0)*100 -> 0 | F87: =F88+F91 -> 0 | G87: =IF(C87>0,F87/C87,0)*100 -> 0 | H87: =C87-F87 -> 0
A88: Operações de Crédito Internas | B88: =SUM(B89:B90) -> 0 | C88: =SUM(C89:C90) -> 0 | D88: =SUM(D89:D90) -> 0 | E88: =IF(C88>0,D88/C88,0)*100 -> 0 | F88: =SUM(F89:F90) -> 0 | G88: =IF(C88>0,F88/C88,0)*100 -> 0 | H88: =C88-F88 -> 0
A89: Mobiliária | E89: =IF(C89>0,D89/C89,0)*100 -> 0 | G89: =IF(C89>0,F89/C89,0)*100 -> 0 | H89: =C89-F89 -> 0
A90: Contratual | E90: =IF(C90>0,D90/C90,0)*100 -> 0 | G90: =IF(C90>0,F90/C90,0)*100 -> 0 | H90: =C90-F90 -> 0
A91: Operações de Crédito Externas | B91: =SUM(B92:B93) -> 0 | C91: =SUM(C92:C93) -> 0 | D91: =SUM(D92:D93) -> 0 | E91: =IF(C91>0,D91/C91,0)*100 -> 0 | F91: =SUM(F92:F93) -> 0 | G91: =IF(C91>0,F91/C91,0)*100 -> 0 | H91: =C91-F91 -> 0
A92: Mobiliária | E92: =IF(C92>0,D92/C92,0)*100 -> 0 | G92: =IF(C92>0,F92/C92,0)*100 -> 0 | H92: =C92-F92 -> 0
A93: Contratual | E93: =IF(C93>0,D93/C93,0)*100 -> 0 | G93: =IF(C93>0,F93/C93,0)*100 -> 0 | H93: =C93-F93 -> 0
A94: SUBTOTAL COM REFINANCIAMENTO (V) = (III + IV) | B94: =B86+B87 -> 1079000000 | C94: =C86+C87 -> 1.121342e+09 | D94: =D86+D87 -> 2.4193798e+08 | E94: =IF(C94>0,D94/C94,0)*100 -> 21.575754 | F94: =F86+F87 -> 1.3906632e+09 | G94: =IF(C94>0,F94/C94,0)*100 -> 124.01776 | H94: =C94-F94 -> -2.6932126e+08
A95: DÉFICIT (VII) | F95: =IF(A12="Período: 6º Bimestre",IF(F94<E127,E127-F94,0),IF(F94<H127,H127-F94,0)) -> 0
A96: TOTAL (VIII) = (V + VI + VII) | B96: =B95+B94 -> 1079000000 | C96: =C95+C94 -> 1.121342e+09 | D96: =D95+D94 -> 2.4193798e+08 | E96: =IF(C96>0,D96/C96,0)*100 -> 21.575754 | F96: =F95+F94 -> 1.3906632e+09 | G96: =IF(C96>0,F96/C96,0)*100 -> 124.01776 | H96: =C96-F96 -> -2.6932126e+08
A97: SALDOS DE EXERCÍCIOS ANTERIORES | B97: =SUM(B98:B99) -> 0 | C97: =SUM(C98:C99) -> 2.5302501e+08 | F97: =SUM(F98:F99) -> 2.5302501e+08
A98: Recursos Arrecadados em Exercícios Anteriores - RPPS
A99: Superávit Financeiro Utilizado para Créditos Adicionais | C99: 2.5302501e+08 | F99: 2.5302501e+08
B105: DOTAÇÃO | C105: DOTAÇÃO | D105: DESPESAS EMPENHADAS | F105: SALDO | G105: DESPESAS LIQUIDADAS | I105: SALDO | J105: DESPESAS PAGAS | K105: INSCRITAS EM RESTOS A PAGAR NÃO PROCESSADOS (k)
A106: DESPESAS | B106: INICIAL | C106: ATUALIZADA | D106: =CONCATENATE("No ", B12) -> No Bimestre | E106: =F19 -> Até o Bimestre | G106: =CONCATENATE("No ", B12) -> No Bimestre | H106: =F19 -> Até o Bimestre
B107: (d) | C107: (e) | E107: (f) | F107: (g) = (e-f) | H107: (h) | I107: (i) = (e-h) | J107: (j)
A108: DESPESAS (EXCETO INTRA-ORÇAMENTÁRIAS) (IX) | B108: =B109+B113+B117 -> 963962200 | C108: =C109+C113+C117 -> 1.2502503e+09 | D108: =D109+D113+D117 -> 1.4273061e+08 | E108: =E109+E113+E117 -> 1.1350312e+09 | F108: =C108-E108 -> 1.1521914e+08 | G108: =G109+G113+G117 -> 2.0232133e+08 | H108: =H109+H113+H117 -> 1.0659987e+09 | I108: =C108-H108 -> 1.8425158e+08 | J108: =J109+J113+J117 -> 1.0507729e+09 | K108: =K109+K113+K117 -> 69032438
A109: DESPESAS CORRENTES | B109: =SUM(B110:B112) -> 911961780 | C109: =SUM(C110:C112) -> 1.0474719e+09 | D109: =SUM(D110:D112) -> 1.2937429e+08 | E109: =SUM(E110:E112) -> 9.8514806e+08 | F109: =C109-E109 -> 62323811 | G109: =SUM(G110:G112) -> 1.8669531e+08 | H109: =SUM(H110:H112) -> 9.4782003e+08 | I109: =C109-H109 -> 99651837 | J109: =SUM(J110:J112) -> 9.3322449e+08 | K109: =SUM(K110:K112) -> 37328027
A110: PESSOAL E ENCARGOS SOCIAIS | B110: 421438000 | C110: 4.6998502e+08 | D110: 85621294 | E110: 4.5272883e+08 | F110: =C110-E110 -> 17256189 | G110: 92887484 | H110: 4.5227785e+08 | I110: =C110-H110 -> 17707165 | J110: 4.4590154e+08 | K110: 450975.94
A111: JUROS E ENCARGOS DA DÍVIDA | B111: 7721000 | C111: 7721866.3 | D111: 765628.73 | E111: 4843523 | F111: =C111-E111 -> 2878343.2 | G111: 765628.73 | H111: 4843523 | I111: =C111-H111 -> 2878343.2 | J111: 4843523 | K111: 0
...

Sheet RREO-Anexo 02
A2: PREFEITURA MUNICIPAL DE INDAIATUBA
A3: Av. Eng. Fabio R. Barnabe, 2800 - Jd. Esplanada II
A4: C.N.P.J. 44.733.608/0001-09
A5: Telefone: (19) 3834-9000
A6: Tabela 2 - Demonstrativo da Execução das Despesas por Função/Subfunção
A8: PREFEITURA MUNICIPAL DE INDAIATUBA
A9: RELATÓRIO RESUMIDO DA EXECUÇÃO ORÇAMENTÁRIA
A10: DEMONSTRATIVO DA EXECUÇÃO DAS DESPESAS POR FUNÇÃO/SUBFUNÇÃO
A11: ORÇAMENTOS FISCAL E DA SEGURIDADE SOCIAL
A12: Período: 6º Bimestre | B12: =IF(IFERROR(SEARCH("SEMESTRE",A12,1),0)>0,"Semestre",IF(IFERROR(SEARCH("QUADRIMESTRE",A12,1),0)>0,"Quadrimestre",IF(IFERROR(SEARCH("TRIMESTRE",A12,1),0)>0,"Trimestre",IF(IFERROR(SEARCH("BIMESTRE",A12,1),0)>0,"Bimestre","Mês")))) -> Bimestre
A15: RREO - Anexo 2 (LRF, Art. 52, inciso II, alínea "c") | L15: Em Reais
B16: DOTAÇÃO | C16: DOTAÇÃO | D16: DESPESAS EMPENHADAS | G16: SALDO | H16: DESPESAS LIQUIDADAS | K16: SALDO | L16: INSCRITAS EM RESTOS A PAGAR NÃO PROCESSADOS (f)
A17: FUNÇÃO/SUBFUNÇÃO | B17: INICIAL | C17: ATUALIZADA | D17: =CONCATENATE("No ", B12) -> No Bimestre | E17: =CONCATENATE("Até o ", B12) -> Até o Bimestre | F17: % | H17: =CONCATENATE("No ", B12) -> No Bimestre | I17: =CONCATENATE("Até o ", B12) -> Até o Bimestre | J17: %
C18: (a) | E18: (b) | F18: (b/total b) | G18: (c) = (a-b) | I18: (d) | J18: (d/total d) | K18: (e) = (a-d)
A19: DESPESAS (EXCETO INTRA-ORÇAMENTÁRIAS) (I) | B19: =B20+B25+B30+B35+B48+B54+B60+B65+B72+B79+B88+B95+B106+B111+B117+B123+B128+B133+B141+B147+B155+B160+B168+B176+B181+B188+B196+B202+B211 -> 989603400 | C19: =C20+C25+C30+C35+C48+C54+C60+C65+C72+C79+C88+C95+C106+C111+C117+C123+C128+C133+C141+C147+C155+C160+C168+C176+C181+C188+C196+C202+C211 -> 1.2697065e+09 | D19: =D20+D25+D30+D35+D48+D54+D60+D65+D72+D79+D88+D95+D106+D111+D117+D123+D128+D133+D141+D147+D155+D160+D168+D176+D181+D188+D196+D202+D211 -> 1.4273061e+08 | E19: =E20+E25+E30+E35+E48+E54+E60+E65+E72+E79+E88+E95+E106+E111+E117+E123+E128+E133+E141+E147+E155+E160+E168+E176+E181+E188+E196+E202+E211 -> 1.1350312e+09 | F19: =IF($E$213>0,E19/$E$213,0)*100 -> 91.783983 | G19: =G20+G25+G30+G35+G48+G54+G60+G65+G72+G79+G88+G95+G106+G111+G117+G123+G128+G133+G141+G147+G155+G160+G168+G176+G181+G188+G196+G202+G211 -> 1.3467534e+08 | H19: =H20+H25+H30+H35+H48+H54+H60+H65+H72+H79+H88+H95+H106+H111+H117+H123+H128+H133+H141+H147+H155+H160+H168+H176+H181+H188+H196+H202+H211 -> 2.0232133e+08 | I19: =I20+I25+I30+I35+I48+I54+I60+I65+I72+I79+I88+I95+I106+I111+I117+I123+I128+I133+I141+I147+I155+I160+I168+I176+I181+I188+I196+I202+I211 -> 1.0659987e+09 | J19: =IF($I$213>0,I19/$I$213,0)*100 -> 91.349405 | K19: =K20+K25+K30+K35+K48+K54+K60+K65+K72+K79+K88+K95+K106+K111+K117+K123+K128+K133+K141+K147+K155+K160+K168+K176+K181+K188+K196+K202+K211 -> 2.0370778e+08 | L19: =L20+L25+L30+L35+L48+L54+L60+L65+L72+L79+L88+L95+L106+L111+L117+L123+L128+L133+L141+L147+L155+L160+L168+L176+L181+L188+L196+L202+L211 -> 69032438
A20: LEGISLATIVA | B20: =SUM(B21:B24) -> 14125000 | C20: =SUM(C21:C24) -> 13846500 | D20: =SUM(D21:D24) -> 2976471.2 | E20: =SUM(E21:E24) -> 12856586 | F20: =IF($E$213>0,E20/$E$213,0)*100 -> 1.0396442 | G20: =SUM(G21:G24) -> 989914.34 | H20: =SUM(H21:H24) -> 2264499.1 | I20: =SUM(I21:I24) -> 11284756 | J20: =IF($I$213>0,I20/$I$213,0)*100 -> 0.96703281 | K20: =SUM(K21:K24) -> 2561743.8 | L20: =SUM(L21:L24) -> 1571829.4
A21: Ação Legislativa | B21: 14125000 | C21: 13846500 | D21: 2976471.2 | E21: 12856586 | F21: =IF($E$213>0,E21/$E$213,0)*100 -> 1.0396442 | G21: =C21-E21 -> 989914.34 | H21: 2264499.1 | I21: 11284756 | J21: =IF($I$213>0,I21/$I$213,0)*100 -> 0.96703281 | K21: =C21-I21 -> 2561743.8 | L21: 1571829.4
A22: Controle Externo | F22: =IF($E$213>0,E22/$E$213,0)*100 -> 0 | G22: =C22-E22 -> 0 | J22: =IF($I$213>0,I22/$I$213,0)*100 -> 0 | K22: =C22-I22 -> 0
A23: Administração Geral | F23: =IF($E$213>0,E23/$E$213,0)*100 -> 0 | G23: =C23-E23 -> 0 | J23: =IF($I$213>0,I23/$I$213,0)*100 -> 0 | K23: =C23-I23 -> 0
A24: Demais Subfunções | F24: =IF($E$213>0,E24/$E$213,0)*100 -> 0 | G24: =C24-E24 -> 0 | J24: =IF($I$213>0,I24/$I$213,0)*100 -> 0 | K24: =C24-I24 -> 0
A25: JUDICIÁRIA | B25: =SUM(B26:B29) -> 0 | C25: =SUM(C26:C29) -> 0 | D25: =SUM(D26:D29) -> 0 | E25: =SUM(E26:E29) -> 0 | F25: =IF($E$213>0,E25/$E$213,0)*100 -> 0 | G25: =SUM(G26:G29) -> 0 | H25: =SUM(H26:H29) -> 0 | I25: =SUM(I26:I29) -> 0 | J25: =IF($I$213>0,I25/$I$213,0)*100 -> 0 | K25: =SUM(K26:K29) -> 0 | L25: =SUM(L26:L29) -> 0
A26: Ação Judiciária | F26: =IF($E$213>0,E26/$E$213,0)*100 -> 0 | G26: =C26-E26 -> 0 | J26: =IF($I$213>0,I26/$I$213,0)*100 -> 0 | K26: =C26-I26 -> 0
A27: Defesa do Interesse Público no Processo Judiciário | F27: =IF($E$213>0,E27/$E$213,0)*100 -> 0 | G27: =C27-E27 -> 0 | J27: =IF($I$213>0,I27/$I$213,0)*100 -> 0 | K27: =C27-I27 -> 0
A28: Administração Geral | F28: =IF($E$213>0,E28/$E$213,0)*100 -> 0 | G28: =C28-E28 -> 0 | J28: =IF($I$213>0,I28/$I$213,0)*100 -> 0 | K28: =C28-I28 -> 0
A29: Demais Subfunções | F29: =IF($E$213>0,E29/$E$213,0)*100 -> 0 | G29: =C29-E29 -> 0 | J29: =IF($I$213>0,I29/$I$213,0)*100 -> 0 | K29: =C29-I29 -> 0
A30: ESSENCIAL A JUSTIÇA | B30: =SUM(B31:B34) -> 0 | C30: =SUM(C31:C34) -> 0 | D30: =SUM(D31:D34) -> 0 | E30: =SUM(E31:E34) -> 0 | F30: =IF($E$213>0,E30/$E$213,0)*100 -> 0 | G30: =SUM(G31:G34) -> 0 | H30: =SUM(H31:H34) -> 0 | I30: =SUM(I31:I34) -> 0 | J30: =IF($I$213>0,I30/$I$213,0)*100 -> 0 | K30: =SUM(K31:K34) -> 0 | L30: =SUM(L31:L34) -> 0
A31: Defesa da Ordem Jurídica | F31: =IF($E$213>0,E31/$E$213,0)*100 -> 0 | G31: =C31-E31 -> 0 | J31: =IF($I$213>0,I31/$I$213,0)*100 -> 0 | K31: =C31-I31 -> 0
A32: Representação Judicial e Extrajudicial | F32: =IF($E$213>0,E32/$E$213,0)*100 -> 0 | G32: =C32-E32 -> 0 | J32: =IF($I$213>0,I32/$I$213,0)*100 -> 0 | K32: =C32-I32 -> 0
A33: Administração Geral | F33: =IF($E$213>0,E33/$E$213,0)*100 -> 0 | G33: =C33-E33 -> 0 | J33: =IF($I$213>0,I33/$I$213,0)*100 -> 0 | K33: =C33-I33 -> 0
A34: Demais Subfunções | F34: =IF($E$213>0,E34/$E$213,0)*100 -> 0 | G34: =C34-E34 -> 0 | J34: =IF($I$213>0,I34/$I$213,0)*100 -> 0 | K34: =C34-I34 -> 0
A35: ADMINISTRAÇÃO | B35: =SUM(B36:B47) -> 72408000 | C35: =SUM(C36:C47) -> 80072269 | D35: =SUM(D36:D47) -> 10927889 | E35: =SUM(E36:E47) -> 71027320 | F35: =IF($E$213>0,E35/$E$213,0)*100 -> 5.7436046 | G35: =SUM(G36:G47) -> 9044949 | H35: =SUM(H36:H47) -> 14632440 | I35: =SUM(I36:I47) -> 66968035 | J35: =IF($I$213>0,I35/$I$213,0)*100 -> 5.7387404 | K35: =SUM(K36:K47) -> 13104235 | L35: =SUM(L36:L47) -> 4059285.8
A36: Planejamento e Orçamento | F36: =IF($E$213>0,E36/$E$213,0)*100 -> 0 | G36: =C36-E36 -> 0 | J36: =IF($I$213>0,I36/$I$213,0)*100 -> 0 | K36: =C36-I36 -> 0
A37: Administração Geral | B37: 45454000 | C37: 46732870 | D37: 6163307 | E37: 42278921 | F37: =IF($E$213>0,E37/$E$213,0)*100 -> 3.4188732 | G37: =C37-E37 -> 4453949.3 | H37: 9133888.2 | I37: 40182835 | J37: =IF($I$213>0,I37/$I$213,0)*100 -> 3.4434169 | K37: =C37-I37 -> 6550034.8 | L37: 2096085.6
A38: Administração Financeira | B38: 11040000 | C38: 11010000 | D38: 1231251.7 | E38: 9390878.2 | F38: =IF($E$213>0,E38/$E$213,0)*100 -> 0.75939076 | G38: =C38-E38 -> 1619121.8 | H38: 1571790.2 | I38: 9178989.4 | J38: =IF($I$213>0,I38/$I$213,0)*100 -> 0.7865818 | K38: =C38-I38 -> 1831010.6 | L38: 211888.78
A39: Controle Interno | B39: 1317000 | C39: 1312000 | D39: 225594.55 | E39: 1209602 | F39: =IF($E$213>0,E39/$E$213,0)*100 -> 0.097814128 | G39: =C39-E39 -> 102398.03 | H39: 229947.07 | I39: 1207782.1 | J39: =IF($I$213>0,I39/$I$213,0)*100 -> 0.10349935 | K39: =C39-I39 -> 104217.88 | L39: 1819.85
A40: Normatização e Fiscalização | F40: =IF($E$213>0,E40/$E$213,0)*100 -> 0 | G40: =C40-E40 -> 0 | J40: =IF($I$213>0,I40/$I$213,0)*100 -> 0 | K40: =C40-I40 -> 0
A41: Tecnologia da Informação | F41: =IF($E$213>0,E41/$E$213,0)*100 -> 0 | G41: =C41-E41 -> 0 | J41: =IF($I$213>0,I41/$I$213,0)*100 -> 0 | K41: =C41-I41 -> 0
A42: Ordenamento Territorial | B42: 5693000 | C42: 9558000 | D42: 1419017.2 | E42: 7162586.8 | F42: =IF($E$213>0,E42/$E$213,0)*100 -> 0.5792006 | G42: =C42-E42 -> 2395413.2 | H42: 1230467.9 | I42: 5553904.5 | J42: =IF($I$213>0,I42/$I$213,0)*100 -> 0.47593477 | K42: =C42-I42 -> 4004095.5 | L42: 1608682.4
A43: Formação de Recursos Humanos | F43: =IF($E$213>0,E43/$E$213,0)*100 -> 0 | G43: =C43-E43 -> 0 | J43: =IF($I$213>0,I43/$I$213,0)*100 -> 0 | K43: =C43-I43 -> 0
A44: Administração de Receitas | F44: =IF($E$213>0,E44/$E$213,0)*100 -> 0 | G44: =C44-E44 -> 0 | J44: =IF($I$213>0,I44/$I$213,0)*100 -> 0 | K44: =C44-I44 -> 0
A45: Administração de Concessões | F45: =IF($E$213>0,E45/$E$213,0)*100 -> 0 | G45: =C45-E45 -> 0 | J45: =IF($I$213>0,I45/$I$213,0)*100 -> 0 | K45: =C45-I45 -> 0
A46: Comunicação Social | B46: 8904000 | C46: 11459399 | D46: 1888718.2 | E46: 10985333 | F46: =IF($E$213>0,E46/$E$213,0)*100 -> 0.88832589 | G46: =C46-E46 -> 474066.7 | H46: 2466347.1 | I46: 10844524 | J46: =IF($I$213>0,I46/$I$213,0)*100 -> 0.92930762 | K46: =C46-I46 -> 614875.98 | L46: 140809.28
A47: Demais Subfunções | F47: =IF($E$213>0,E47/$E$213,0)*100 -> 0 | G47: =C47-E47 -> 0 | J47: =IF($I$213>0,I47/$I$213,0)*100 -> 0 | K47: =C47-I47 -> 0
A48: DEFESA NACIONAL | B48: =SUM(B49:B53) -> 0 | C48: =SUM(C49:C53) -> 0 | D48: =SUM(D49:D53) -> 0 | E48: =SUM(E49:E53) -> 0 | F48: =IF($E$213>0,E48/$E$213,0)*100 -> 0 | G48: =SUM(G49:G53) -> 0 | H48: =SUM(H49:H53) -> 0 | I48: =SUM(I49:I53) -> 0 | J48: =IF($I$213>0,I48/$I$213,0)*100 -> 0 | K48: =SUM(K49:K53) -> 0 | L48: =SUM(L49:L53) -> 0
A49: Defesa Aérea | F49: =IF($E$213>0,E49/$E$213,0)*100 -> 0 | G49: =C49-E49 -> 0 | J49: =IF($I$213>0,I49/$I$213,0)*100 -> 0 | K49: =C49-I49 -> 0
A50: Defesa Naval | F50: =IF($E$213>0,E50/$E$213,0)*100 -> 0 | G50: =C50-E50 -> 0 | J50: =IF($I$213>0,I50/$I$213,0)*100 -> 0 | K50: =C50-I50 -> 0
A51: Defesa Terrestre | F51: =IF($E$213>0,E51/$E$213,0)*100 -> 0 | G51: =C51-E51 -> 0 | J51: =IF($I$213>0,I51/$I$213,0)*100 -> 0 | K51: =C51-I51 -> 0
A52: Administração Geral | F52: =IF($E$213>0,E52/$E$213,0)*100 -> 0 | G52: =C52-E52 -> 0 | J52: =IF($I$213>0,I52/$I$213,0)*100 -> 0 | K52: =C52-I52 -> 0
A53: Demais Subfunções | F53: =IF($E$213>0,E53/$E$213,0)*100 -> 0 | G53: =C53-E53 -> 0 | J53: =IF($I$213>0,I53/$I$213,0)*100 -> 0 | K53: =C53-I53 -> 0
A54: SEGURANÇA PÚBLICA | B54: =SUM(B55:B59) -> 31198000 | C54: =SUM(C55:C59) -> 32404026 | D54: =SUM(D55:D59) -> 6004943.5 | E54: =SUM(E55:E59) -> 31246780 | F54: =IF($E$213>0,E54/$E$213,0)*100 -> 2.5267622 | G54: =SUM(G55:G59) -> 1157246.2 | H54: =SUM(H55:H59) -> 5882674.6 | I54: =SUM(I55:I59) -> 30318558 | J54: =IF($I$213>0,I54/$I$213,0)*100 -> 2.5981102 | K54: =SUM(K55:K59) -> 2085468.4 | L54: =SUM(L55:L59) -> 928222.21
A55: Policiamento | F55: =IF($E$213>0,E55/$E$213,0)*100 -> 0 | G55: =C55-E55 -> 0 | J55: =IF($I$213>0,I55/$I$213,0)*100 -> 0 | K55: =C55-I55 -> 0
A56: Defesa Civil | B56: 31198000 | C56: 32404026 | D56: 6004943.5 | E56: 31246780 | F56: =IF($E$213>0,E56/$E$213,0)*100 -> 2.5267622 | G56: =C56-E56 -> 1157246.2 | H56: 5882674.6 | I56: 30318558 | J56: =IF($I$213>0,I56/$I$213,0)*100 -> 2.5981102 | K56: =C56-I56 -> 2085468.4 | L56: 928222.21
A57: Informação e Inteligência | F57: =IF($E$213>0,E57/$E$213,0)*100 -> 0 | G57: =C57-E57 -> 0 | J57: =IF($I$213>0,I57/$I$213,0)*100 -> 0 | K57: =C57-I57 -> 0
A58: Administração Geral | F58: =IF($E$213>0,E58/$E$213,0)*100 -> 0 | G58: =C58-E58 -> 0 | J58: =IF($I$213>0,I58/$I$213,0)*100 -> 0 | K58: =C58-I58 -> 0
A59: Demais Subfunções | F59: =IF($E$213>0,E59/$E$213,0)*100 -> 0 | G59: =C59-E59 -> 0 | J59: =IF($I$213>0,I59/$I$213,0)*100 -> 0 | K59: =C59-I59 -> 0
A60: RELAÇÕES EXTERIORES | B60: =SUM(B61:B64) -> 0 | C60: =SUM(C61:C64) -> 0 | D60: =SUM(D61:D64) -> 0 | E60: =SUM(E61:E64) -> 0 | F60: =IF($E$213>0,E60/$E$213,0)*100 -> 0 | G60: =SUM(G61:G64) -> 0 | H60: =SUM(H61:H64) -> 0 | I60: =SUM(I61:I64) -> 0 | J60: =IF($I$213>0,I60/$I$213,0)*100 -> 0 | K60: =SUM(K61:K64) -> 0 | L60: =SUM(L61:L64) -> 0
A61: Relações Diplomáticas | F61: =IF($E$213>0,E61/$E$213,0)*100 -> 0 | G61: =C61-E61 -> 0 | J61: =IF($I$213>0,I61/$I$213,0)*100 -> 0 | K61: =C61-I61 -> 0
A62: Cooperação Internacional | F62: =IF($E$213>0,E62/$E$213,0)*100 -> 0 | G62: =C62-E62 -> 0 | J62: =IF($I$213>0,I62/$I$213,0)*100 -> 0 | K62: =C62-I62 -> 0
A63: Administração Geral | F63: =IF($E$213>0,E63/$E$213,0)*100 -> 0 | G63: =C63-E63 -> 0 | J63: =IF($I$213>0,I63/$I$213,0)*100 -> 0 | K63: =C63-I63 -> 0
A64: Demais Subfunções | F64: =IF($E$213>0,E64/$E$213,0)*100 -> 0 | G64: =C64-E64 -> 0 | J64: =IF($I$213>0,I64/$I$213,0)*100 -> 0 | K64: =C64-I64 -> 0
A65: ASSISTÊNCIA SOCIAL | B65: =SUM(B66:B71) -> 22477900 | C65: =SUM(C66:C71) -> 24561264 | D65: =SUM(D66:D71) -> 2395961.2 | E65: =SUM(E66:E71) -> 20475873 | F65: =IF($E$213>0,E65/$E$213,0)*100 -> 1.6557758 | G65: =SUM(G66:G71) -> 4085391.6 | H65: =SUM(H66:H71) -> 3658901 | I65: =SUM(I66:I71) -> 19714791 | J65: =IF($I$213>0,I65/$I$213,0)*100 -> 1.6894339 | K65: =SUM(K66:K71) -> 4846473.5 | L65: =SUM(L66:L71) -> 761081.93
A66: Assistência ao Idoso | B66: 16200 | C66: 16200 | D66: 0 | E66: 8544 | F66: =IF($E$213>0,E66/$E$213,0)*100 -> 0.00069090819 | G66: =C66-E66 -> 7656 | H66: 848 | I66: 8544 | J66: =IF($I$213>0,I66/$I$213,0)*100 -> 0.00073216719 | K66: =C66-I66 -> 7656 | L66: 0
A67: Assistência ao Portador de Deficiência | B67: 2000 | C67: 135168.56 | D67: 20700 | E67: 128929.99 | F67: =IF($E$213>0,E67/$E$213,0)*100 -> 0.010425888 | G67: =C67-E67 -> 6238.57 | H67: 0 | I67: 108229.99 | J67: =IF($I$213>0,I67/$I$213,0)*100 -> 0.0092746311 | K67: =C67-I67 -> 26938.57 | L67: 20700
A68: Assistência à Criança e ao Adolescente | B68: 1118550 | C68: 1619050 | D68: 144096.37 | E68: 925121.92 | F68: =IF($E$213>0,E68/$E$213,0)*100 -> 0.074809728 | G68: =C68-E68 -> 693928.08 | H68: 147682.01 | I68: 924406.58 | J68: =IF($I$213>0,I68/$I$213,0)*100 -> 0.079215844 | K68: =C68-I68 -> 694643.42 | L68: 715.34
A69: Assistência Comunitária | B69: 21341150 | C69: 22790846 | D69: 2231164.9 | E69: 19413277 | F69: =IF($E$213>0,E69/$E$213,0)*100 -> 1.5698492 | G69: =C69-E69 -> 3377569 | H69: 3510370.9 | I69: 18673610 | J69: =IF($I$213>0,I69/$I$213,0)*100 -> 1.6002112 | K69: =C69-I69 -> 4117235.6 | L69: 739666.59
A70: Administração Geral | F70: =IF($E$213>0,E70/$E$213,0)*100 -> 0 | G70: =C70-E70 -> 0 | J70: =IF($I$213>0,I70/$I$213,0)*100 -> 0 | K70: =C70-I70 -> 0
A71: Demais Subfunções | F71: =IF($E$213>0,E71/$E$213,0)*100 -> 0 | G71: =C71-E71 -> 0 | J71: =IF($I$213>0,I71/$I$213,0)*100 -> 0 | K71: =C71-I71 -> 0
A72: PREVIDÊNCIA SOCIAL | B72: =SUM(B73:B78) -> 65554000 | C72: =SUM(C73:C78) -> 71914000 | D72: =SUM(D73:D78) -> 14197297 | E72: =SUM(E73:E78) -> 67371340 | F72: =IF($E$213>0,E72/$E$213,0)*100 -> 5.4479647 | G72: =SUM(G73:G78) -> 4542660.5 | H72: =SUM(H73:H78) -> 13900264 | I72: =SUM(I73:I78) -> 66928706 | J72: =IF($I$213>0,I72/$I$213,0)*100 -> 5.7353702 | K72: =SUM(K73:K78) -> 4985294.4 | L72: =SUM(L73:L78) -> 442633.96
A73: Previdência Básica | F73: =IF($E$213>0,E73/$E$213,0)*100 -> 0 | G73: =C73-E73 -> 0 | J73: =IF($I$213>0,I73/$I$213,0)*100 -> 0 | K73: =C73-I73 -> 0
A74: Previdência do Regime Estatutário | B74: 65554000 | C74: 71914000 | D74: 14197297 | E74: 67371340 | F74: =IF($E$213>0,E74/$E$213,0)*100 -> 5.4479647 | G74: =C74-E74 -> 4542660.5 | H74: 13900264 | I74: 66928706 | J74: =IF($I$213>0,I74/$I$213,0)*100 -> 5.7353702 | K74: =C74-I74 -> 4985294.4 | L74: 442633.96
A75: Previdência Complementar | F75: =IF($E$213>0,E75/$E$213,0)*100 -> 0 | G75: =C75-E75 -> 0 | J75: =IF($I$213>0,I75/$I$213,0)*100 -> 0 | K75: =C75-I75 -> 0
A76: Previdência Especial | F76: =IF($E$213>0,E76/$E$213,0)*100 -> 0 | G76: =C76-E76 -> 0 | J76: =IF($I$213>0,I76/$I$213,0)*100 -> 0 | K76: =C76-I76 -> 0
A77: Administração Geral | F77: =IF($E$213>0,E77/$E$213,0)*100 -> 0 | G77: =C77-E77 -> 0 | J77: =IF($I$213>0,I77/$I$213,0)*100 -> 0 | K77: =C77-I77 -> 0
A78: Demais Subfunções | F78: =IF($E$213>0,E78/$E$213,0)*100 -> 0 | G78: =C78-E78 -> 0 | J78: =IF($I$213>0,I78/$I$213,0)*100 -> 0 | K78: =C78-I78 -> 0
A79: SAÚDE | B79: =SUM(B80:B87) -> 236383300 | C79: =SUM(C80:C87) -> 2.8859299e+08 | D79: =SUM(D80:D87) -> 34621104 | E79: =SUM(E80:E87) -> 2.7312692e+08 | F79: =IF($E$213>0,E79/$E$213,0)*100 -> 22.086333 | G79: =SUM(G80:G87) -> 15466067 | H79: =SUM(H80:H87) -> 50878639 | I79: =SUM(I80:I87) -> 2.5807198e+08 | J79: =IF($I$213>0,I79/$I$213,0)*100 -> 22.115149 | K79: =SUM(K80:K87) -> 30521014 | L79: =SUM(L80:L87) -> 15054947
A80: Atenção Básica | B80: 33892000 | C80: 41459699 | D80: 7503523.3 | E80: 40368742 | F80: =IF($E$213>0,E80/$E$213,0)*100 -> 3.2644072 | G80: =C80-E80 -> 1090956.4 | H80: 7934119.6 | I80: 39413030 | J80: =IF($I$213>0,I80/$I$213,0)*100 -> 3.3774494 | K80: =C80-I80 -> 2046668.7 | L80: 955712.31
A81: Assistência Hospitalar e Ambulatorial | B81: 134102000 | C81: 1.6136091e+08 | D81: 17059139 | E81: 1.5362931e+08 | F81: =IF($E$213>0,E81/$E$213,0)*100 -> 12.423191 | G81: =C81-E81 -> 7731598.5 | H81: 29026573 | I81: 1.4095159e+08 | J81: =IF($I$213>0,I81/$I$213,0)*100 -> 12.078667 | K81: =C81-I81 -> 20409312 | L81: 12677713
A82: Suporte Profilático e Terapêutico | B82: 12283000 | C82: 13836314 | D82: 855661.22 | E82: 13400966 | F82: =IF($E$213>0,E82/$E$213,0)*100 -> 1.0836654 | G82: =C82-E82 -> 435348.1 | H82: 1641457.4 | I82: 13172431 | J82: =IF($I$213>0,I82/$I$213,0)*100 -> 1.1287947 | K82: =C82-I82 -> 663883.3 | L82: 228535.2
A83: Vigilância Sanitária | B83: 2092500 | C83: 2958714.6 | D83: 417287.95 | E83: 2057884.4 | F83: =IF($E$213>0,E83/$E$213,0)*100 -> 0.16641025 | G83: =C83-E83 -> 900830.22 | H83: 418745.09 | I83: 2056544.4 | J83: =IF($I$213>0,I83/$I$213,0)*100 -> 0.17623295 | K83: =C83-I83 -> 902170.17 | L83: 1339.95
A84: Vigilância Epidemiológica | B84: 3306000 | C84: 4029443.3 | D84: 572364.94 | E84: 3489146.4 | F84: =IF($E$213>0,E84/$E$213,0)*100 -> 0.28214885 | G84: =C84-E84 -> 540296.98 | H84: 604616.88 | I84: 3405001.2 | J84: =IF($I$213>0,I84/$I$213,0)*100 -> 0.29178724 | K84: =C84-I84 -> 624442.12 | L84: 84145.14
A85: Alimentação e Nutrição | F85: =IF($E$213>0,E85/$E$213,0)*100 -> 0 | G85: =C85-E85 -> 0 | J85: =IF($I$213>0,I85/$I$213,0)*100 -> 0 | K85: =C85-I85 -> 0
A86: Administração Geral | B86: 50707800 | C86: 64947913 | D86: 8213128 | E86: 60180877 | F86: =IF($E$213>0,E86/$E$213,0)*100 -> 4.8665099 | G86: =C86-E86 -> 4767036.8 | H86: 11253127 | I86: 59073375 | J86: =IF($I$213>0,I86/$I$213,0)*100 -> 5.0622176 | K86: =C86-I86 -> 5874538.1 | L86: 1107501.3
A87: Demais Subfunções | F87: =IF($E$213>0,E87/$E$213,0)*100 -> 0 | G87: =C87-E87 -> 0 | J87: =IF($I$213>0,I87/$I$213,0)*100 -> 0 | K87: =C87-I87 -> 0
A88: TRABALHO | B88: =SUM(B89:B94) -> 0 | C88: =SUM(C89:C94) -> 0 | D88: =SUM(D89:D94) -> 0 | E88: =SUM(E89:E94) -> 0 | F88: =IF($E$213>0,E88/$E$213,0)*100 -> 0 | G88: =SUM(G89:G94) -> 0 | H88: =SUM(H89:H94) -> 0 | I88: =SUM(I89:I94) -> 0 | J88: =IF($I$213>0,I88/$I$213,0)*100 -> 0 | K88: =SUM(K89:K94) -> 0 | L88: =SUM(L89:L94) -> 0
A89: Proteção e Benefícios ao Trabalhador | F89: =IF($E$213>0,E89/$E$213,0)*100 -> 0 | G89: =C89-E89 -> 0 | J89: =IF($I$213>0,I89/$I$213,0)*100 -> 0 | K89: =C89-I89 -> 0
A90: Relações de Trabalho | F90: =IF($E$213>0,E90/$E$213,0)*100 -> 0 | G90: =C90-E90 -> 0 | J90: =IF($I$213>0,I90/$I$213,0)*100 -> 0 | K90: =C90-I90 -> 0
A91: Empregabilidade | F91: =IF($E$213>0,E91/$E$213,0)*100 -> 0 | G91: =C91-E91 -> 0 | J91: =IF($I$213>0,I91/$I$213,0)*100 -> 0 | K91: =C91-I91 -> 0
A92: Fomento ao Trabalho | F92: =IF($E$213>0,E92/$E$213,0)*100 -> 0 | G92: =C92-E92 -> 0 | J92: =IF($I$213>0,I92/$I$213,0)*100 -> 0 | K92: =C92-I92 -> 0
A93: Administração Geral | F93: =IF($E$213>0,E93/$E$213,0)*100 -> 0 | G93: =C93-E93 -> 0 | J93: =IF($I$213>0,I93/$I$213,0)*100 -> 0 | K93: =C93-I93 -> 0
A94: Demais Subfunções | F94: =IF($E$213>0,E94/$E$213,0)*100 -> 0 | G94: =C94-E94 -> 0 | J94: =IF($I$213>0,I94/$I$213,0)*100 -> 0 | K94: =C94-I94 -> 0
A95: EDUCAÇÃO | B95: =SUM(B96:B105) -> 231532000 | C95: =SUM(C96:C105) -> 2.9083164e+08 | D95: =SUM(D96:D105) -> 35382695 | E95: =SUM(E96:E105) -> 2.7321878e+08 | F95: =IF($E$213>0,E95/$E$213,0)*100 -> 22.093761 | G95: =SUM(G96:G105) -> 17612864 | H95: =SUM(H96:H105) -> 53729447 | I95: =SUM(I96:I105) -> 2.6835802e+08 | J95: =IF($I$213>0,I95/$I$213,0)*100 -> 22.996598 | K95: =SUM(K96:K105) -> 22473628 | L95: =SUM(L96:L105) -> 4860764.8
A96: Ensino Fundamental | B96: 111668500 | C96: 1.4035629e+08 | D96: 19980406 | E96: 1.3205747e+08 | F96: =IF($E$213>0,E96/$E$213,0)*100 -> 10.678791 | G96: =C96-E96 -> 8298819.4 | H96: 27941320 | I96: 1.2879181e+08 | J96: =IF($I$213>0,I96/$I$213,0)*100 -> 11.03665 | K96: =C96-I96 -> 11564478 | L96: 3265658.3
A97: Ensino Médio | B97: 8981000 | C97: 9589553.4 | D97: -8265.63 | E97: 9405499.7 | F97: =IF($E$213>0,E97/$E$213,0)*100 -> 0.76057313 | G97: =C97-E97 -> 184053.7 | H97: 1408448.5 | I97: 9405499.7 | J97: =IF($I$213>0,I97/$I$213,0)*100 -> 0.80599231 | K97: =C97-I97 -> 184053.7 | L97: 0
A98: Ensino Profissional | B98: 9002000 | C98: 22490773 | D98: 2193937.1 | E98: 18915213 | F98: =IF($E$213>0,E98/$E$213,0)*100 -> 1.5295735 | G98: =C98-E98 -> 3575559.5 | H98: 3639236.6 | I98: 18877958 | J98: =IF($I$213>0,I98/$I$213,0)*100 -> 1.6177225 | K98: =C98-I98 -> 3612815 | L98: 37255.53
A99: Ensino Superior | B99: 121000 | C99: 201000 | D99: -58392.27 | E99: 100607.73 | F99: =IF($E$213>0,E99/$E$213,0)*100 -> 0.0081356162 | G99: =C99-E99 -> 100392.27 | H99: 22663.21 | I99: 100607.73 | J99: =IF($I$213>0,I99/$I$213,0)*100 -> 0.0086214512 | K99: =C99-I99 -> 100392.27 | L99: 0
A100: Educação Infantil | B100: 97946500 | C100: 1.1447703e+08 | D100: 13203043 | E100: 1.0928408e+08 | F100: =IF($E$213>0,E100/$E$213,0)*100 -> 8.8372268 | G100: =C100-E100 -> 5192946.3 | H100: 20366163 | I100: 1.0779389e+08 | J100: =IF($I$213>0,I100/$I$213,0)*100 -> 9.2372599 | K100: =C100-I100 -> 6683138.2 | L100: 1490192
A101: Educação de Jovens e Adultos | B101: 1205000 | C101: 1177000 | D101: 73237.83 | E101: 994886.17 | F101: =IF($E$213>0,E101/$E$213,0)*100 -> 0.080451195 | G101: =C101-E101 -> 182113.83 | H101: 86734.28 | I101: 994886.17 | J101: =IF($I$213>0,I101/$I$213,0)*100 -> 0.085255503 | K101: =C101-I101 -> 182113.83 | L101: 0
A102: Educação Especial | B102: 2608000 | C102: 2540000 | D102: -1270.47 | E102: 2461021.3 | F102: =IF($E$213>0,E102/$E$213,0)*100 -> 0.1990098 | G102: =C102-E102 -> 78978.73 | H102: 264880.45 | I102: 2393362.4 | J102: =IF($I$213>0,I102/$I$213,0)*100 -> 0.20509614 | K102: =C102-I102 -> 146637.65 | L102: 67658.92
A103: Educação Básica | F103: =IF($E$213>0,E103/$E$213,0)*100 -> 0 | G103: =C103-E103 -> 0 | J103: =IF($I$213>0,I103/$I$213,0)*100 -> 0 | K103: =C103-I103 -> 0
A104: Administração Geral | F104: =IF($E$213>0,E104/$E$213,0)*100 -> 0 | G104: =C104-E104 -> 0 | J104: =IF($I$213>0,I104/$I$213,0)*100 -> 0 | K104: =C104-I104 -> 0
...

Sheet RREO-Anexo 03
A2: PREFEITURA MUNICIPAL DE INDAIATUBA
A3: Av. Eng. Fabio R. Barnabe, 2800 - Jd. Esplanada II
A4: C.N.P.J. 44.733.608/0001-09
A5: Telefone: (19) 3834-9000
A6: Tabela 3 - Demonstrativo da Receita Corrente Líquida
A8: PREFEITURA MUNICIPAL DE INDAIATUBA
A9: RELATÓRIO RESUMIDO DA EXECUÇÃO ORÇAMENTÁRIA
A10: DEMONSTRATIVO DA RECEITA CORRENTE LÍQUIDA
A11: ORÇAMENTOS FISCAL E DA SEGURIDADE SOCIAL
A12: Período: 6º Bimestre | B12: =IF(IFERROR(SEARCH("SEMESTRE",A12,1),0)>0,"Semestre",IF(IFERROR(SEARCH("QUADRIMESTRE",A12,1),0)>0,"Quadrimestre",IF(IFERROR(SEARCH("TRIMESTRE",A12,1),0)>0,"Trimestre",IF(IFERROR(SEARCH("BIMESTRE",A12,1),0)>0,"Bimestre","Mês")))) -> Bimestre
A17: RREO - Anexo 3 (LRF, Art. 53, inciso I) | O17: Em Reais
B18: EVOLUÇÃO DA RECEITA REALIZADA NOS ÚLTIMOS 12 MESES | N18: TOTAL | O18: PREVISÃO
A19: ESPECIFICAÇÃO | N19: (ÚLTIMOS | O19: ATUALIZADA
B20: <MR–11> | C20: <MR–10> | D20: <MR–9> | E20: <MR–8> | F20: <MR–7> | G20: <MR–6> | H20: <MR–5> | I20: <MR–4> | J20: <MR–3> | K20: <MR–2> | L20: <MR–1> | M20: <MR> | N20: 12 MESES) | O20: <EXERCÍCIO>
A21: RECEITAS CORRENTES (I) | B21: =B22+B28+B29+B32+B33+B34+B35+B44 -> 1.0684895e+08 | C21: =C22+C28+C29+C32+C33+C34+C35+C44 -> 94420286 | D21: =D22+D28+D29+D32+D33+D34+D35+D44 -> 1.2434263e+08 | E21: =E22+E28+E29+E32+E33+E34+E35+E44 -> 93665506 | F21: =F22+F28+F29+F32+F33+F34+F35+F44 -> 88846339 | G21: =G22+G28+G29+G32+G33+G34+G35+G44 -> 82827106 | H21: =H22+H28+H29+H32+H33+H34+H35+H44 -> 1.0243827e+08 | I21: =I22+I28+I29+I32+I33+I34+I35+I44 -> 89555022 | ... M21: =M22+M28+M29+M32+M33+M34+M35+M44 -> 1.2632851e+08 | N21: =SUM(B21:M21) -> 1.1858321e+09 | O21: =O22+O28+O29+O32+O33+O34+O35+O44 -> 1.0937665e+09
A22: Impostos, Taxas e Contribuições de Melhoria | B22: =SUM(B23:B27) -> 14253712 | C22: =SUM(C23:C27) -> 20911934 | D22: =SUM(D23:D27) -> 54884019 | E22: =SUM(E23:E27) -> 25140700 | F22: =SUM(F23:F27) -> 26612004 | G22: =SUM(G23:G27) -> 23425857 | H22: =SUM(H23:H27) -> 25017169 | I22: =SUM(I23:I27) -> 29395823 | ... M22: =SUM(M23:M27) -> 32113013 | N22: =SUM(B22:M22) -> 3.340093e+08 | O22: =SUM(O23:O27) -> 2.8253601e+08
A23: IPTU | B23: 2666527.6 | C23: 7097521.5 | D23: 33484993 | E23: 8749239.6 | F23: 8797359 | G23: 8217627.9 | H23: 8912159 | I23: 8867236.9 | J23: 9137236.9 | K23: 8899479.7 | L23: 8407913.6 | M23: 9437839.1 | N23: =SUM(B23:M23) -> 1.2267513e+08 | O23: 111775000
A24: ISS | B24: 7917271.2 | C24: 7076544.5 | D24: 8118303.6 | E24: 8273069.7 | F24: 7778439.5 | G24: 7763935.4 | H24: 7570292.8 | I24: 8892489 | J24: 8779662.4 | K24: 9744483.6 | L24: 10846945 | M24: 8810022.2 | N24: =SUM(B24:M24) -> 1.0157146e+08 | O24: 86668000
A25: ITBI | B25: 2304606.2 | C25: 2456226.6 | D25: 2165926.7 | E25: 2524697.8 | F25: 4011392.2 | G25: 1973568.7 | H25: 2432226.5 | I25: 5717048.9 | J25: 2886802.7 | K25: 2870888.1 | L25: 2069138.3 | M25: 3608653.3 | N25: =SUM(B25:M25) -> 35021176 | O25: 24225500
A26: IRRF | B26: 303471.17 | C26: 2544589.2 | D26: 2298017.7 | E26: 2704044.1 | F26: 3096051.8 | G26: 3015166.2 | H26: 3374892 | I26: 3442701.3 | J26: 3524968.4 | K26: 3033862.9 | L26: 4865887.9 | M26: 7560531.2 | N26: =SUM(B26:M26) -> 39764184 | O26: 29397509
A27: Outros Impostos, Taxas e Contribuições de Melhoria | B27: 1061835.7 | C27: 1737052.2 | D27: 8816777.7 | E27: 2889648.9 | F27: 2928761.6 | G27: 2455558.6 | H27: 2727599.2 | I27: 2476347.3 | J27: 2436891.3 | K27: 2504447.9 | L27: 2246460.6 | M27: 2695967.3 | N27: =SUM(B27:M27) -> 34977348 | O27: 30470000
A28: Receita de Contribuições | B28: 6308068.2 | C28: 4598573.6 | D28: 5428417.9 | E28: 4999643.9 | F28: 4980521.1 | G28: 5063200.3 | H28: 4998826 | I28: 5133553.4 | J28: 5118633.4 | K28: 5066203 | L28: 5172922.3 | M28: 5741537.7 | N28: =SUM(B28:M28) -> 62610101 | O28: 58798350
A29: Receita Patrimonial | B29: =SUM(B30:B31) -> 2339548.5 | C29: =SUM(C30:C31) -> 2409466.7 | D29: =SUM(D30:D31) -> 2137609 | E29: =SUM(E30:E31) -> 2792320.4 | F29: =SUM(F30:F31) -> 2701869.2 | G29: =SUM(G30:G31) -> 2254176.1 | H29: =SUM(H30:H31) -> 2724821.8 | I29: =SUM(I30:I31) -> 2307317.2 | ... M29: =SUM(M30:M31) -> 1216668.8 | N29: =SUM(B29:M29) -> 26535987 | O29: =SUM(O30:O31) -> 26096598
A30: Rendimentos de Aplicação Financeira | B30: 2259835 | C30: 2198806.8 | D30: 1922134.7 | E30: 2692814.8 | F30: 2606746.3 | G30: 2163702.3 | H30: 2625001.2 | I30: 2199591.5 | J30: 1945315.2 | K30: 2044631.4 | L30: 1295773.4 | M30: 1101173.6 | N30: =SUM(B30:M30) -> 25055526 | O30: 24977598
A31: Outras Receitas Patrimoniais | B31: 79713.51 | C31: 210659.86 | D31: 215474.29 | E31: 99505.58 | F31: 95122.95 | G31: 90473.83 | H31: 99820.59 | I31: 107725.74 | J31: 97022.43 | K31: 108759.31 | L31: 160687.92 | M31: 115495.17 | N31: =SUM(B31:M31) -> 1480461.2 | O31: 1119000
A32: Receita Agropecuária | N32: =SUM(B32:M32) -> 0
A33: Receita Industrial | N33: =SUM(B33:M33) -> 0
A34: Receita de Serviços | B34: 9250063.6 | C34: 9712632.2 | D34: 10234650 | E34: 10063190 | F34: 9997388.6 | G34: 9816527.8 | H34: 11184361 | I34: 10038264 | J34: 9673973.6 | K34: 10546091 | L34: 10652233 | M34: 12327013 | N34: =SUM(B34:M34) -> 1.2349639e+08 | O34: 1.1834781e+08
A35: Transferências Correntes | B35: =SUM(B36:B43) -> 73304984 | C35: =SUM(C36:C43) -> 55487707 | D35: =SUM(D36:D43) -> 50672441 | E35: =SUM(E36:E43) -> 49540087 | F35: =SUM(F36:F43) -> 43041472 | G35: =SUM(G36:G43) -> 40083507 | H35: =SUM(H36:H43) -> 57256474 | I35: =SUM(I36:I43) -> 41254331 | ... M35: =SUM(M36:M43) -> 73169852 | N35: =SUM(B35:M35) -> 6.2111277e+08 | O35: =SUM(O36:O43) -> 5.9684182e+08
A36: Cota-Parte do FPM | B36: 6620280.6 | C36: 7271981.9 | D36: 5444846.2 | E36: 5312046.7 | F36: 6817086.4 | G36: 5369804 | H36: 7343186.8 | I36: 5360025.7 | J36: 4771213.3 | K36: 4392521.5 | L36: 5961280.2 | M36: 10162999 | N36: =SUM(B36:M36) -> 74827272 | O36: 75600000
A37: Cota-Parte do ICMS | B37: 21937977 | C37: 18643626 | D37: 19260289 | E37: 23280688 | F37: 17443218 | G37: 16933165 | H37: 25020714 | I37: 17918274 | J37: 14527561 | K37: 27691080 | L37: 20792992 | M37: 29977694 | N37: =SUM(B37:M37) -> 2.5342728e+08 | O37: 241000000
A38: Cota-Parte do IPVA | B38: 24881390 | C38: 11787314 | D38: 7862756.6 | E38: 2532127.8 | F38: 2478695 | G38: 1941476.2 | H38: 2485266.7 | I38: 2139827.7 | J38: 2303655.5 | K38: 2136198.4 | L38: 1618985.8 | M38: 2697992 | N38: =SUM(B38:M38) -> 64865686 | O38: 61000000
A39: Cota-Parte do ITR | B39: 2870.87 | C39: 2065.62 | D39: 40011.98 | E39: 3832.64 | F39: 6087.48 | G39: 1291.36 | H39: 15053.53 | I39: 1813.2 | J39: 30352.19 | K39: 653111.67 | L39: 18146.88 | M39: 18483.81 | N39: =SUM(B39:M39) -> 793121.23 | O39: 950000
A40: Transferências da LC 87/1996 | B40: 0 | C40: 0 | D40: 0 | E40: 0 | F40: 0 | G40: 0 | H40: 0 | I40: 0 | J40: 0 | K40: 0 | L40: 0 | M40: 0 | N40: =SUM(B40:M40) -> 0 | O40: 1100000
A41: Transferências da LC 61/1989 | B41: 175224.2 | C41: 128167.83 | D41: 140967.14 | E41: 160064.25 | F41: 134672.68 | G41: 146930.42 | H41: 156765.7 | I41: 112373.07 | J41: 160794.49 | K41: 163899.25 | L41: 141906.79 | M41: 174406.01 | N41: =SUM(B41:M41) -> 1796171.8 | O41: 1700000
A42: Transferências do FUNDEB | B42: 13660430 | C42: 10137101 | D42: 9700521 | E42: 10493705 | F42: 8156515.5 | G42: 7741932.8 | H42: 10808578 | I42: 8082300.5 | J42: 6769072.7 | K42: 11934432 | L42: 9153262 | M42: 13263264 | N42: =SUM(B42:M42) -> 1.1990111e+08 | O42: 1.2017259e+08
A43: Outras Transferências Correntes | B43: 6026811.3 | C43: 7517451 | D43: 8223049.2 | E43: 7757623 | F43: 8005197.7 | G43: 7948907.8 | H43: 11426910 | I43: 7639716.5 | J43: 8192007.9 | K43: 7958710.5 | L43: 7930731.4 | M43: 16875014 | N43: =SUM(B43:M43) -> 1.0550213e+08 | O43: 95319232
A44: Outras Receitas Correntes | B44: 1392574.5 | C44: 1299972.7 | D44: 985495.98 | E44: 1129564.2 | F44: 1513083.6 | G44: 2183837 | H44: 1256618.8 | I44: 1425732.6 | J44: 1935945.9 | K44: 1621074.8 | L44: 1563269.1 | M44: 1760430.7 | N44: =SUM(B44:M44) -> 18067600 | O44: 11145900
A45: DEDUÇÕES (II) | B45: =SUM(B46:B48) -> 15146512 | C45: =SUM(C46:C48) -> 10185958 | D45: =SUM(D46:D48) -> 9182975.5 | E45: =SUM(E46:E48) -> 9213498 | F45: =SUM(F46:F48) -> 8370191.2 | G45: =SUM(G46:G48) -> 8351688.1 | H45: =SUM(H46:H48) -> 9423654.9 | I45: =SUM(I46:I48) -> 8151325 | ... M45: =SUM(M46:M48) -> 11858318 | N45: =SUM(B45:M45) -> 1.1630908e+08 | O45: =SUM(O46:O48) -> 109148300
A46: Contrib. do Servidor para o Plano de Previdência | B46: 4208724.9 | C46: 2397742.4 | D46: 2411839 | E46: 2735691.5 | F46: 2763736 | G46: 2814637.9 | H46: 2833173.5 | I46: 2837127.3 | J46: 2840318.6 | K46: 2882730.6 | L46: 2865262.1 | M46: 3332256.7 | N46: =SUM(B46:M46) -> 34923241 | O46: 30998300
A47: Compensação Financ. entre Regimes Previdência | B47: 214238.91 | C47: 221584.87 | D47: 221348.66 | E47: 220054.76 | F47: 230503.45 | G47: 658516.84 | H47: 225068.18 | I47: 220851.13 | J47: 262083.7 | K47: 270346.87 | L47: 231477.54 | M47: 461000.12 | N47: =SUM(B47:M47) -> 3437075 | O47: 3000000
A48: Dedução de Receita para Formação do FUNDEB | B48: 10723549 | C48: 7566631 | D48: 6549787.9 | E48: 6257751.8 | F48: 5375951.8 | G48: 4878533.4 | H48: 6365413.2 | I48: 5093346.5 | J48: 4358715.4 | K48: 7007362 | L48: 5706662.3 | M48: 8065061.3 | N48: =SUM(B48:M48) -> 77948765 | O48: 75150000
A49: RECEITA CORRENTE LÍQUIDA (III) = (I - II) | B49: =B21-B45 -> 91702438 | C49: =C21-C45 -> 84234328 | D49: =D21-D45 -> 1.1515966e+08 | E49: =E21-E45 -> 84452007 | F49: =F21-F45 -> 80476148 | G49: =G21-G45 -> 74475417 | H49: =H21-H45 -> 93014617 | I49: =I21-I45 -> 81403697 | ... M49: =M21-M45 -> 1.144702e+08 | N49: =SUM(B49:M49) -> 1.0695231e+09 | O49: =O21-O45 -> 9.8461818e+08
A50: FONTE: Sistema CECAM, Unidade Responsável: CONTABILIDADE. Emissão: 19/11/2019, às 07:20:53. Assinado Digitalmente no dia 19/11/2019, às 07:20:53.
A51: NOTA EXPLICATIVA: Nos valores da linha "Rendimentos de Aplicação Financeira" não foram computados os rendimentos de aplicação financeira do RPPS, para não prejudicar a apuração do percentual dos limites do RREO e RGF, uma vez que se tratam de recursos vinculados e exclusivos que somente poderão ser utilizados para pagamento de benefícios previdenciários.
A53: Considerando a destinação específica dada aos recursos vinculados ao RPPS na Lei 9.717/98, entendemos que os ganhos com aplicação financeira registrados pelo RPPS devem ser deduzidos da RCL, pois do contrário esta variável aumentará, dando, de maneira indevida, uma margem maior para endividamento e gastos com pessoal aos entes municipais.
A59: NILSON ALCIDES GASPAR | F59: MARIANA ALVES RIZATO | L59: LUIS HENRIQUE BORTOLETTO
A60: PREFEITO MUNICIPAL | F60: CONTADORA | L60: COORDENADOR DE SERVIÇOS DE CONTABILIDADE
F61: CRC - SP 321123/O-4 | L61: CRC-SP 289944/O-3

Sheet RREO-Anexo 04
A2: PREFEITURA MUNICIPAL DE INDAIATUBA
A3: Av. Eng. Fabio R. Barnabe, 2800 - Jd. Esplanada II
A4: C.N.P.J. 44.733.608/0001-09
A5: Telefone: (19) 3834-9000
A6: Tabela 4 - Demonstrativo das Receitas e Despesas Previdenciárias do Regime Próprio de Previdência dos Servidores
A8: PREFEITURA MUNICIPAL DE INDAIATUBA
A9: RELATÓRIO RESUMIDO DA EXECUÇÃO ORÇAMENTÁRIA
A10: DEMONSTRATIVO DAS RECEITAS E DESPESAS PREVIDENCIÁRIAS DO REGIME PRÓPRIO DE PREVIDÊNCIA DOS SERVIDORES
A11: ORÇAMENTO DA SEGURIDADE SOCIAL
A12: Período: 6º Bimestre | B12: =IF(IFERROR(SEARCH("SEMESTRE",A12,1),0)>0,"Semestre",IF(IFERROR(SEARCH("QUADRIMESTRE",A12,1),0)>0,"Quadrimestre",IF(IFERROR(SEARCH("TRIMESTRE",A12,1),0)>0,"Trimestre",IF(IFERROR(SEARCH("BIMESTRE",A12,1),0)>0,"Bimestre","Mês")))) -> Bimestre
A17: RREO - Anexo 4 (LRF, Art. 53, inciso II) | E17: Em Reais
B18: PREVISÃO INICIAL | C18: PREVISÃO ATUALIZADA | D18: RECEITAS REALIZADAS
A19: RECEITAS - PLANO PREVIDENCIÁRIO | D19: =CONCATENATE("No ", B12) -> No Bimestre | E19: =CONCATENATE("Até o ", B12) -> Até o Bimestre
D20: <Exercício> | E20: <Exercício Anterior>
A21: RECEITAS CORRENTES (I) | B21: =B22+B31+B40+B44+B45 -> 87625200 | C21: =C22+C31+C40+C44+C45 -> 87625200 | D21: =D22+D31+D40+D44+D45 -> 2.7577081e+08 | E21: =E22+E31+E40+E44+E45 -> 0
A22: Receita de Contribuições dos Segurados | B22: =B23+B27 -> 30998300 | C22: =C23+C27 -> 30998300 | D22: =D23+D27 -> 34923241 | E22: =E23+E27 -> 0
A23: Pessoal Civil | B23: =SUM(B24:B26) -> 30998300 | C23: =SUM(C24:C26) -> 30998300 | D23: =SUM(D24:D26) -> 34923241 | E23: =SUM(E24:E26) -> 0
A24: Ativo | B24: 30387300 | C24: 30387300 | D24: 33745865 | E24: 0
A25: Inativo | B25: 568000 | C25: 568000 | D25: 1097755.1 | E25: 0
A26: Pensionista | B26: 43000 | C26: 43000 | D26: 79620.49 | E26: 0
A27: Pessoal Militar | B27: =SUM(B28:B30) -> 0 | C27: =SUM(C28:C30) -> 0 | D27: =SUM(D28:D30) -> 0 | E27: =SUM(E28:E30) -> 0
A28: Ativo
A29: Inativo
A30: Pensionista
A31: Receita de Contribuições Patronais | B31: =B32+B36 -> 47207600 | C31: =C32+C36 -> 47207600 | D31: =D32+D36 -> 57021071 | E31: =E32+E36 -> 0
A32: Pessoal Civil | B32: =SUM(B33:B35) -> 47207600 | C32: =SUM(C33:C35) -> 47207600 | D32: =SUM(D33:D35) -> 57021071 | E32: =SUM(E33:E35) -> 0
A33: Ativo | B33: 47207600 | C33: 47207600 | D33: 57021071 | E33: 0
A34: Inativo | E34: 0
A35: Pensionista | E35: 0
A36: Pessoal Militar | B36: =SUM(B37:B39) -> 0 | C36: =SUM(C37:C39) -> 0 | D36: =SUM(D37:D39) -> 0 | E36: =SUM(E37:E39) -> 0
A37: Ativo
A38: Inativo
A39: Pensionista
A40: Receita Patrimonial | B40: =SUM(B41:B43) -> 6400000 | C40: =SUM(C41:C43) -> 6400000 | D40: =SUM(D41:D43) -> 1.8037861e+08 | E40: =SUM(E41:E43) -> 0
A41: Receitas Imobiliárias
A42: Receitas de Valores Mobiliários | B42: 6400000 | C42: 6400000 | D42: 1.8037861e+08 | E42: 0
A43: Outras Receitas Patrimoniais
A44: Receita de Serviços
A45: Outras Receitas Correntes | B45: =SUM(B46:B48) -> 3019300 | C45: =SUM(C46:C48) -> 3019300 | D45: =SUM(D46:D48) -> 3447892.2 | E45: =SUM(E46:E48) -> 0
A46: Compensação Previdenciária do RGPS para o RPPS | B46: 3000000 | C46: 3000000 | D46: 3437075 | E46: 0
A47: Demais Receitas Correntes | B47: 19300 | C47: 19300 | D47: 10817.18 | E47: 0
A48: Receita de Aporte Periódico de Valores Predefinidos (II) | E48: 0
A49: RECEITAS DE CAPITAL (III) | B49: =SUM(B50:B52) -> 0 | C49: =SUM(C50:C52) -> 0 | D49: =SUM(D50:D52) -> 0 | E49: =SUM(E50:E52) -> 0
A50: Alienação de Bens, Direitos e Ativos
A51: Amortização de Empréstimos
A52: Outras Receitas de Capital
A53: TOTAL DAS RECEITAS PREVIDENCIÁRIAS RPPS - (IV) = (I + III - II) | B53: =B21+B49 -> 87625200 | C53: =C21+C49 -> 87625200 | D53: =D21+D49 -> 2.7577081e+08 | E53: =E21+E49 -> 0
A60: DESPESAS - PLANO PREVIDENCIÁRIO | B60: DOTAÇÃO INICIAL | C60: DOTAÇÃO ATUALIZADA | D60: DESPESAS EMPENHADAS | F60: DESPESAS LIQUIDADAS | H60: INSCRITAS EM RESTOS A PAGAR NÃO PROCESSADOS
D61: =E19 -> Até o Bimestre | E61: =E19 -> Até o Bimestre | F61: =E19 -> Até o Bimestre | G61: =E19 -> Até o Bimestre | H61: Em | I61: Em
D62: <Exercício> | E62: <Exercício Anterior> | F62: <Exercício> | G62: <Exercício Anterior> | H62: <Exercício> | I62: <Exercício Anterior>
A63: ADMINISTRAÇÃO (V) | B63: =SUM(B64:B65) -> 230000 | C63: =SUM(C64:C65) -> 310000 | D63: =SUM(D64:D65) -> 302360 | E63: =SUM(E64:E65) -> 0 | F63: =SUM(F64:F65) -> 302360 | G63: =SUM(G64:G65) -> 0 | H63: =SUM(H64:H65) -> 0 | I63: =SUM(I64:I65) -> 0
A64: Despesas Correntes | B64: 230000 | C64: 310000 | D64: 302360 | E64: 0 | F64: 302360 | G64: 0 | H64: 0 | I64: 0
A65: Despesas de Capital
A66: PREVIDÊNCIA (VI) | B66: =B67+B71+B75 -> 65964000 | C66: =C67+C71+C75 -> 72334000 | D66: =D67+D71+D75 -> 67759015 | E66: =E67+E71+E75 -> 0 | F66: =F67+F71+F75 -> 67316381 | G66: =G67+G71+G75 -> 0 | H66: =H67+H71+H75 -> 442633.96 | I66: =I67+I71+I75 -> 0
A67: Benefícios - Civil | B67: =SUM(B68:B70) -> 61665000 | C67: =SUM(C68:C70) -> 67930000 | D67: =SUM(D68:D70) -> 64415686 | E67: =SUM(E68:E70) -> 0 | F67: =SUM(F68:F70) -> 63998630 | G67: =SUM(G68:G70) -> 0 | H67: =SUM(H68:H70) -> 417055.98 | I67: =SUM(I68:I70) -> 0
A68: Aposentadorias | B68: 48210000 | C68: 53475000 | D68: 50351704 | E68: 0 | F68: 50351704 | G68: 0 | H68: 0 | I68: 0
A69: Pensões | B69: 7585000 | C69: 7585000 | D69: 7194712.5 | E69: 0 | F69: 7194712.5 | G69: 0 | H69: 0 | I69: 0
A70: Outros Benefícios Previdenciários | B70: 5870000 | C70: 6870000 | D70: 6869270.2 | E70: 0 | F70: 6452214.2 | G70: 0 | H70: 417055.98 | I70: 0
A71: Benefícios - Militar | B71: =SUM(B72:B74) -> 0 | C71: =SUM(C72:C74) -> 0 | D71: =SUM(D72:D74) -> 0 | E71: =SUM(E72:E74) -> 0 | F71: =SUM(F72:F74) -> 0 | G71: =SUM(G72:G74) -> 0 | H71: =SUM(H72:H74) -> 0 | I71: =SUM(I72:I74) -> 0
A72: Reformas
A73: Pensões
A74: Outros Benefícios Previdenciários
A75: Outras Despesas Previdenciárias | B75: =SUM(B76:B77) -> 4299000 | C75: =SUM(C76:C77) -> 4404000 | D75: =SUM(D76:D77) -> 3343329 | E75: =SUM(E76:E77) -> 0 | F75: =SUM(F76:F77) -> 3317751 | G75: =SUM(G76:G77) -> 0 | H75: =SUM(H76:H77) -> 25577.98 | I75: =SUM(I76:I77) -> 0
A76: Compensação Previdenciária do RPPS para o RGPS
A77: Demais Despesas Previdenciárias | B77: 4299000 | C77: 4404000 | D77: 3343329 | E77: 0 | F77: 3317751 | G77: 0 | H77: 25577.98 | I77: 0
A78: TOTAL DAS DESPESAS PREVIDENCIÁRIAS RPPS (VII) = (V + VI) | B78: =B63+B66 -> 66194000 | C78: =C63+C66 -> 72644000 | D78: =D63+D66 -> 68061375 | E78: =E63+E66 -> 0 | F78: =F63+F66 -> 67618741 | G78: =G63+G66 -> 0 | H78: =H63+H66 -> 442633.96 | I78: =I63+I66 -> 0
A79: RESULTADO PREVIDENCIÁRIO (VIII) = (IV - VII) | B79: =B53-B78 -> 21431200 | C79: =C53-C78 -> 14981200 | D79: =D53-D78 -> 2.0770944e+08 | E79: =E53-E78 -> 0 | F79: =D53-F78 -> 2.0815207e+08 | G79: =E53-G78 -> 0
A87: RECURSOS ARRECADADOS EM EXERCÍCIOS ANTERIORES - PLANO PREVIDENCIÁRIO | B87: PREVISÃO ORÇAMENTÁRIA
A88: VALOR
A96: RESERVA ORÇAMENTÁRIA DO RPPS - PLANO PREVIDENCIÁRIO | B96: PREVISÃO ORÇAMENTÁRIA
A97: VALOR | B97: 19456200
A103: APORTES DE RECURSOS PARA O RPPS - PLANO PREVIDENCIÁRIO | B103: APORTES REALIZADOS
A106: Plano de Amortização - Contribuição Patronal Suplementar
A107: Plano de Amortização - Aporte Periódico de Valores Predefinidos
A108: Outros Aportes para o RPPS
A109: Recursos para Cobertura de Déficit Financeiro
A117: BENS E DIREITOS DO RPPS - PLANO PREVIDENCIÁRIO | B117: PERÍODO DE REFERÊNCIA
B118: <Exercício> | C118: <Exercício Anterior>
A119: Caixa e Equivalente de Caixa | B119: 3939.26 | C119: 7189.19
A120: Investimentos e Aplicações | B120: 1.3254878e+09 | C120: 1.1116355e+09
A121: Outros Bens e Direitos | B121: 1.9989489e+08 | C121: 1.4002472e+08
B128: PREVISÃO INICIAL | C128: PREVISÃO ATUALIZADA | D128: RECEITAS REALIZADAS
A129: RECEITAS - PLANO FINANCEIRO | D129: Até o Bimestre/ | E129: Até o Bimestre/
D130: <Exercício> | E130: <Exercício Anterior>
A131: RECEITAS CORRENTES (IX) | B131: =B132+B141+B150+B154+B155 -> 0 | C131: =C132+C141+C150+C154+C155 -> 0 | D131: =D132+D141+D150+D154+D155 -> 0 | E131: =E132+E141+E150+E154+E155 -> 0
A132: Receita de Contribuições dos Segurados | B132: =B133+B137 -> 0 | C132: =C133+C137 -> 0 | D132: =D133+D137 -> 0 | E132: =E133+E137 -> 0
A133: Pessoal Civil | B133: =SUM(B134:B136) -> 0 | C133: =SUM(C134:C136) -> 0 | D133: =SUM(D134:D136) -> 0 | E133: =SUM(E134:E136) -> 0
A134: Ativo
A135: Inativo
A136: Pensionista
A137: Pessoal Militar | B137: =SUM(B138:B140) -> 0 | C137: =SUM(C138:C140) -> 0 | D137: =SUM(D138:D140) -> 0 | E137: =SUM(E138:E140) -> 0
A138: Ativo
A139: Inativo
A140: Pensionista
A141: Receita de Contribuições Patronais | B141: =B142+B146 -> 0 | C141: =C142+C146 -> 0 | D141: =D142+D146 -> 0 | E141: =E142+E146 -> 0
A142: Pessoal Civil | B142: =SUM(B143:B145) -> 0 | C142: =SUM(C143:C145) -> 0 | D142: =SUM(D143:D145) -> 0 | E142: =SUM(E143:E145) -> 0
A143: Ativo
A144: Inativo
A145: Pensionista
A146: Pessoal Militar | B146: =SUM(B147:B149) -> 0 | C146: =SUM(C147:C149) -> 0 | D146: =SUM(D147:D149) -> 0 | E146: =SUM(E147:E149) -> 0
...

Sheet RREO-Anexo 06
A2: PREFEITURA MUNICIPAL DE INDAIATUBA
A3: Av. Eng. Fabio R. Barnabe, 2800 - Jd. Esplanada II
A4: C.N.P.J. 44.733.608/0001-09
A5: Telefone: (19) 3834-9000
A6: Tabela 6 - Demonstrativo do Resultado Primário
A8: PREFEITURA MUNICIPAL DE INDAIATUBA
A9: RELATÓRIO RESUMIDO DA EXECUÇÃO ORÇAMENTÁRIA
A10: DEMONSTRATIVO DOS RESULTADOS PRIMÁRIO E NOMINAL - ESTADOS, DISTRITO FEDERAL E MUNICÍPIOS
A11: ORÇAMENTOS FISCAL E DA SEGURIDADE SOCIAL
A12: Período: 6º Bimestre | B12: =IF(IFERROR(SEARCH("SEMESTRE",A12,1),0)>0,"Semestre",IF(IFERROR(SEARCH("QUADRIMESTRE",A12,1),0)>0,"Quadrimestre",IF(IFERROR(SEARCH("TRIMESTRE",A12,1),0)>0,"Trimestre",IF(IFERROR(SEARCH("BIMESTRE",A12,1),0)>0,"Bimestre","Mês")))) -> Bimestre
A17: RREO - ANEXO 6 (LRF, art 53, inciso III) | C17: Em reais
B18: PREVISÃO ATUALIZADA | C18: RECEITAS REALIZADAS
A19: RECEITAS PRIMÁRIAS
C20: =CONCATENATE("Até o ", B12) -> Até o Bimestre
A21: RECEITAS CORRENTES (I) | B21: =B22+B28+B29+B32+B41 -> 1.1034835e+09 | C21: =C22+C28+C29+C32+C41 -> 1.3868847e+09
A22: Impostos, Taxas e Contribuições de Melhoria | B22: =SUM(B23:B27) -> 2.8321601e+08 | C22: =SUM(C23:C27) -> 3.3468502e+08
A23: IPTU | B23: 111775000 | C23: 1.2267513e+08
A24: ISS | B24: 86668000 | C24: 1.0157146e+08
A25: ITBI | B25: 24225500 | C25: 35021176
A26: IRRF | B26: 29397509 | C26: 39764184
A27: Outros Impostos, Taxas e Contribuições de Melhoria | B27: 31150000 | C27: 35653067
A28: Contribuições | B28: 139192400 | C28: 1.5587465e+08
A29: Receita Patrimonial | B29: =SUM(B30:B31) -> 26096598 | C29: =SUM(C30:C31) -> 2.069146e+08
A30: Aplicações Financeiras (II) | B30: 24977598 | C30: 2.0543414e+08
A31: Outras Receitas Patrimoniais | B31: 1119000 | C31: 1480461.2
A32: Transferências Correntes | B32: =SUM(B33:B40) -> 5.2169182e+08 | C32: =SUM(C33:C40) -> 5.4316401e+08
A33: Cota-Parte do FPM | B33: 61600000 | C33: 61054958
A34: Cota-Parte do ICMS | B34: 192800000 | C34: 2.0274182e+08
A35: Cota-Parte do IPVA | B35: 48800000 | C35: 51892548
A36: Cota-Parte do ITR | B36: 760000 | C36: 634497.1
A37: Transferências da LC 87/1996 | B37: 880000 | C37: 0
A38: Transferências da LC nº 61/1989 | B38: 1360000 | C38: 1436937.4
A39: Transferências do FUNDEB | B39: 1.2017259e+08 | C39: 1.1990111e+08
A40: Outras Transferências Correntes | B40: 95319232 | C40: 1.0550213e+08
A41: Demais Receitas Correntes | B41: =SUM(B42:B43) -> 1.3328671e+08 | C41: =SUM(C42:C43) -> 1.462464e+08
A42: Outras Receitas Financeiras (III)
A43: Receitas Correntes Restantes | B43: 1.3328671e+08 | C43: 1.462464e+08
A44: RECEITAS PRIMÁRIAS CORRENTES (IV) = (I - II - III) | B44: =B21-B30-B42 -> 1.0785059e+09 | C44: =C21-C30-C42 -> 1.1814505e+09
A45: RECEITAS DE CAPITAL (V) | B45: =B46+B47+B48+B52+B55 -> 17858428 | C45: =C46+C47+C48+C52+C55 -> 3778557.3
A46: Operações de Crédito (VI) | B46: 15282109 | C46: 448485.81
A47: Amortização de Empréstimos (VII)
A48: Alienação de Bens | B48: =SUM(B49:B51) -> 20000 | C48: =SUM(C49:C51) -> 1930939.5
A49: Receitas de Alienação de Investimentos Temporários (VIII)
A50: Receitas de Alienação de Investimentos Permanentes (IX)
A51: Outras Alienações de Bens | B51: 20000 | C51: 1930939.5
A52: Transferências de Capital | B52: =SUM(B53:B54) -> 2556319.4 | C52: =SUM(C53:C54) -> 1399131.9
A53: Convênios | B53: 2556319.4 | C53: 1151561.9
A54: Outras Transferências de Capital | B54: 0 | C54: 247570
A55: Outras Receitas de Capital | B55: =SUM(B56:B57) -> 0 | C55: =SUM(C56:C57) -> 0
A56: Outras Receitas de Capital Não Primárias (X)
A57: Outras Receitas de Capital Primárias
A58: RECEITAS PRIMÁRIAS DE CAPITAL (XI) = (V - VI - VII - VIII - IX - X) | B58: =B45-B46-B47-B49-B50-B56 -> 2576319.4 | C58: =C45-C46-C47-C49-C50-C56 -> 3330071.5
A59: RECEITA PRIMÁRIA TOTAL (XII) = (IV + XI) | B59: =B44+B58 -> 1.0810823e+09 | C59: =C44+C58 -> 1.1847806e+09
A65: DESPESAS PRIMÁRIAS | B65: DOTAÇÃO ATUALIZADA | C65: Até o Bimestre/ <Exercício>
C66: DESPESAS EMPENHADAS | D66: DESPESAS LIQUIDADAS | E66: DESPESAS PAGAS (a) | F66: RESTOS A PAGAR PROCESSADOS PAGOS (b) | G66: RESTOS A PAGAR NÃO PROCESSADOS
G69: LIQUIDADOS | H69: PAGOS (c)
A70: DESPESAS CORRENTES (XIII) | B70: =SUM(B71:B73) -> 1.1521323e+09 | C70: =SUM(C71:C73) -> 1.0867501e+09 | D70: =SUM(D71:D73) -> 1.0487679e+09 | E70: =SUM(E71:E73) -> 1.020496e+09 | F70: =SUM(F71:F73) -> 21160673 | G70: =SUM(G71:G73) -> 37840519 | H70: =SUM(H71:H73) -> 37840519
A71: Pessoal e Encargos Sociais | B71: 5.3095952e+08 | C71: 5.1151588e+08 | D71: 5.1106491e+08 | E71: 4.9622363e+08 | F71: 11350102 | G71: 323823.38 | H71: 323823.38
A72: Juros e Encargos da Dívida (XIV) | B72: 7721866.3 | C72: 4843523 | D72: 4843523 | E72: 4843523 | F72: 0 | G72: 0 | H72: 0
A73: Outras Despesas Correntes | B73: 6.1345093e+08 | C73: 5.7039065e+08 | D73: 5.3285943e+08 | E73: 5.1942889e+08 | F73: 9810570.9 | G73: 37516696 | H73: 37516696
A74: DESPESAS PRIMÁRIAS CORRENTES (XV) = (XIII - XIV) | B74: =B70-B72 -> 1.1444104e+09 | C74: =C70-C72 -> 1.0819065e+09 | D74: =D70-D72 -> 1.0439243e+09 | E74: =E70-E72 -> 1.0156525e+09 | F74: =F70-F72 -> 21160673 | G74: =G70-G72 -> 37840519 | H74: =H70-H72 -> 37840519
A75: DESPESAS DE CAPITAL (XVI) | B75: =B76+B77+B82 -> 1.9910236e+08 | C75: =C76+C77+C82 -> 1.4988313e+08 | D75: =D76+D77+D82 -> 1.1817872e+08 | E75: =E76+E77+E82 -> 1.1754839e+08 | F75: =F76+F77+F82 -> 3934626.1 | G75: =G76+G77+G82 -> 22512915 | H75: =H76+H77+H82 -> 22512915
A76: Investimentos | B76: 1.8903376e+08 | C76: 1.4253791e+08 | D76: 1.108335e+08 | E76: 1.1020317e+08 | F76: 3934626.1 | G76: 22512915 | H76: 22512915
A77: Inversões Financeiras | B77: =SUM(B78:B81) -> 0 | C77: =SUM(C78:C81) -> 0 | D77: =SUM(D78:D81) -> 0 | E77: =SUM(E78:E81) -> 0 | F77: =SUM(F78:F81) -> 0 | G77: =SUM(G78:G81) -> 0 | H77: =SUM(H78:H81) -> 0
A78: Concessão de Empréstimos e Financiamentos (XVII)
A79: Aquisição de Título de Capital já Integralizado (XVIII)
A80: Aquisição de Título de Crédito (XIX)
A81: Demais Inversões Financeiras
A82: Amortização da Dívida (XX) | B82: 10068600 | C82: 7345220.1 | D82: 7345220.1 | E82: 7345220.1 | F82: 0 | G82: 0 | H82: 0
A83: DESPESAS PRIMÁRIAS DE CAPITAL (XXI) = (XVI - XVII - XVIII - XIX - XX) | B83: =B75-B78-B79-B80-B82 -> 1.8903376e+08 | C83: =C75-C78-C79-C80-C82 -> 1.4253791e+08 | D83: =D75-D78-D79-D80-D82 -> 1.108335e+08 | E83: =E75-E78-E79-E80-E82 -> 1.1020317e+08 | F83: =F75-F78-F79-F80-F82 -> 3934626.1 | G83: =G75-G78-G79-G80-G82 -> 22512915 | H83: =H75-H78-H79-H80-H82 -> 22512915
A84: RESERVA DE CONTINGÊNCIA (XXII) | B84: 3676100
A85: DESPESA PRIMÁRIA TOTAL (XXIII) = (XV + XXI + XXII) | B85: =B74+B83+B84 -> 1.3371203e+09 | C85: =C74+C83 -> 1.2244444e+09 | D85: =D74+D83 -> 1.1547578e+09 | E85: =E74+E83 -> 1.1258557e+09 | F85: =F74+F83 -> 25095300 | G85: =G74+G83 -> 60353434 | H85: =H74+H83 -> 60353434
A94: RESULTADO PRIMÁRIO - Acima da Linha (XXIV) = (XIIa - (XXIIIa + XXIIIb + XXIIIc)) | B94: =C59-(E85+F85+H85) -> -26523815
A101: DISCRIMINAÇÃO DA META FISCAL | B101: VALOR CORRENTE
A103: META DE RESULTADO PRIMÁRIO FIXADA NO ANEXO DE METAS FISCAIS DA LDO P/ O EXERCÍCIO DE REFERÊNCIA | B103: 19889000
A110: JUROS NOMINAIS | B110: =IF(IFERROR(FIND("TRIMESTRE",A12,1),0)>0,"Até o Trimestre",IF(IFERROR(FIND("BIMESTRE",A12,1),0)>0,"Até o Bimestre","Até o Mês")) -> Até o Mês
B111: VALOR INCORRIDO
A112: JUROS E ENCARGOS ATIVOS (XXV) | B112: 2.1232753e+08
A113: JUROS E ENCARGOS PASSIVOS (XXVI) | B113: 5216606.3
A122: RESULTADO NOMINAL - Acima da Linha (XXVII) = XXIV + (XXV - XXVI) | B122: =B94+(B112-B113) -> 1.8058711e+08
A129: META FISCAL PARA O RESULTADO NOMINAL | B129: VALOR CORRENTE
A131: Meta fixada no Anexo de Metas Fiscais da LDO para o exercício de referência | B131: 0
A135: ABAIXO DA LINHA
B137: SALDO
A138: CÁLCULO DO RESULTADO NOMINAL | B138: Em 31/Dez Exercício Anterior | C138: =IF(IFERROR(FIND("TRIMESTRE",A12,1),0)>0,"Até o Trimestre",IF(IFERROR(FIND("BIMESTRE",A12,1),0)>0,"Até o Bimestre","Até o Mês")) -> Até o Mês
B139: (a) | C139: (b)
A140: DÍVIDA CONSOLIDADA (XXVIII) | B140: 59712850 | C140: 53011895
A141: DEDUÇÕES (XXIX) | B141: =B142+B145 -> 4.6822228e+08 | C141: =C142+C145 -> 4.1978753e+08
A142: Disponibilidade de Caixa | B142: =IF(B143>B144,B143-B144,0) -> 4.6666446e+08 | C142: =IF(C143>C144,C143-C144,0) -> 4.1796181e+08
A143: Disponibilidade de Caixa Bruta | B143: 4.9189203e+08 | C143: 4.4686396e+08
A144: (-) Restos a Pagar Processados (XXX) | B144: 25227566 | C144: 28902149
A145: Demais Haveres Financeiros | B145: 1557820.8 | C145: 1825716.5
A146: DÍVIDA CONSOLIDADA LÍQUIDA (XXXI) = (XXVIII - XXIX) | B146: =B140-B141 -> -4.0850943e+08 | C146: =C140-C141 -> -3.6677564e+08
A155: RESULTADO NOMINAL - Abaixo da Linha (XXXII) = (XXXIa - XXXIb) | B155: =B146-C146 -> -41733799
B161: =IF(IFERROR(FIND("TRIMESTRE",A12,1),0)>0,"Até o Trimestre",IF(IFERROR(FIND("BIMESTRE",A12,1),0)>0,"Até o Bimestre","Até o Mês")) -> Até o Mês
A162: AJUSTE METODOLÓGICO
A164: VARIAÇÃO SALDO RPP = (XXXIII) = (XXXa - XXXb) | B164: =B144-C144 -> -3674583.2
A165: RECEITA DE ALIENAÇÃO DE INVESTIMENTOS PERMANENTES (IX) | B165: =C50 -> 0
A166: PASSIVOS RECONHECIDOS NA DC (XXXIV) | B166: 0
A167: VARIAÇÃO CAMBIAL (XXXV)
...

Sheet RREO-Anexo 07
A2: PREFEITURA MUNICIPAL DE INDAIATUBA
A3: Av. Eng. Fabio R. Barnabe, 2800 - Jd. Esplanada II
A4: C.N.P.J. 44.733.608/0001-09
A5: Telefone: (19) 3834-9000
A6: Tabela 7 - Demonstrativo dos Restos a Pagar por Poder e Órgão
A8: PREFEITURA MUNICIPAL DE INDAIATUBA
A9: RELATÓRIO RESUMIDO DA EXECUÇÃO ORÇAMENTÁRIA
A10: DEMONSTRATIVO DOS RESTOS A PAGAR POR PODER E ÓRGÃO
A11: ORÇAMENTOS FISCAL E DA SEGURIDADE SOCIAL
A12: Período: 6º Bimestre | B12: =IF(IFERROR(SEARCH("SEMESTRE",A12,1),0)>0,"Semestre",IF(IFERROR(SEARCH("QUADRIMESTRE",A12,1),0)>0,"Quadrimestre",IF(IFERROR(SEARCH("TRIMESTRE",A12,1),0)>0,"Trimestre",IF(IFERROR(SEARCH("BIMESTRE",A12,1),0)>0,"Bimestre","Mês")))) -> Bimestre
A16: RREO - ANEXO 7 (LRF, art. 53, inciso V) | M16: Em reais
B17: RESTOS A PAGAR PROCESSADOS E NÃO PROCESSADOS LIQUIDADOS EM EXERCÍCIOS ANTERIORES | G17: RESTOS A PAGAR NÃO PROCESSADOS | M17: Saldo Total (a+b)
B18: Inscritos | G18: Inscritos
A19: PODER/ÓRGÃO | B19: Em Exercícios Anteriores | C19: Em 31 de dezembro de <Exercício Anterior> | D19: Pagos | E19: Cancelados | F19: Saldo | G19: Em Exercícios Anteriores | H19: Em 31 de dezembro de <Exercício Anterior> | I19: Liquidados | J19: Pagos | K19: Cancelados | L19: Saldo
F20: (a) | G20: Anteriores | H20: <Exercício | L20: (b)
H21: Anterior>
A22: RESTOS A PAGAR (EXCETO INTRA-ORÇAMENTÁRIOS) (I) | B22: =B23+B24 -> 0 | C22: =C23+C24 -> 13897671 | D22: =D23+D24 -> 13855660 | E22: =E23+E24 -> 42011.29 | F22: =F23+F24 -> -8.9494279e-10 | G22: =G23+G24 -> 2162971 | H22: =H23+H24 -> 67998541 | I22: =I23+I24 -> 60015192 | ... M22: =M23+M24 -> 1867254.4
A23: PODER EXECUTIVO | B23: 0 | C23: 13888403 | D23: 13846392 | E23: 42011.29 | F23: =B23+C23-D23-E23 -> -8.9494279e-10 | G23: 2134386.3 | H23: 66104238 | I23: 58229064 | J23: 58229064 | K23: 8156052.2 | L23: =G23+H23-J23-K23 -> 1853507.7 | M23: =F23+L23 -> 1853507.7
A24: PODER LEGISLATIVO | B24: =SUM(B25:B26) -> 0 | C24: =SUM(C25:C26) -> 9268.54 | D24: =SUM(D25:D26) -> 9268.54 | E24: =SUM(E25:E26) -> 0 | F24: =SUM(F25:F26) -> 0 | G24: =SUM(G25:G26) -> 28584.62 | H24: =SUM(H25:H26) -> 1894303.6 | I24: =SUM(I25:I26) -> 1786127.6 | ... M24: =SUM(M25:M26) -> 13746.66
A25: Câmara Municipal | B25: 0 | C25: 9268.54 | D25: 9268.54 | E25: 0 | F25: =B25+C25-D25-E25 -> 0 | G25: 28584.62 | H25: 1894303.6 | I25: 1786127.6 | J25: 1786127.6 | K25: 123013.92 | L25: =G25+H25-J25-K25 -> 13746.66 | M25: =F25+L25 -> 13746.66
A26: Tribunal de Contas do Município | F26: =B26+C26-D26-E26 -> 0 | L26: =G26+H26-J26-K26 -> 0 | M26: =F26+L26 -> 0
A27: RESTOS A PAGAR (INTRA-ORÇAMENTÁRIOS) (II) | B27: =B39 -> 0 | C27: =C39 -> 11329895 | D27: =D39 -> 11239639 | E27: =E39 -> 90255.07 | F27: =F39 -> 2.910383e-10 | G27: =G39 -> 0 | H27: =H39 -> 570083.47 | I27: =I39 -> 338242.61 | ... M27: =M39 -> 2.910383e-10
A28: TOTAL (III) = (I + II) | B28: =B22+B27 -> 0 | C28: =C22+C27 -> 25227566 | D28: =D22+D27 -> 25095300 | E28: =E22+E27 -> 132266.36 | F28: =F22+F27 -> -6.0390448e-10 | G28: =G22+G27 -> 2162971 | H28: =H22+H27 -> 68568625 | I28: =I22+I27 -> 60353434 | ... M28: =M22+M27 -> 1867254.4
B34: RESTOS A PAGAR PROCESSADOS E NÃO PROCESSADOS LIQUIDADOS EM EXERCÍCIOS ANTERIORES | G34: RESTOS A PAGAR NÃO PROCESSADOS | M34: Saldo Total (a+b)
B35: Inscritos | G35: Inscritos
A36: PODER/ÓRGÃO - INTRA | B36: Em Exercícios Anteriores | C36: Em 31 de dezembro de <Exercício Anterior> | D36: Pagos | E36: Cancelados | F36: Saldo | G36: Em Exercícios Anteriores | H36: Em 31 de dezembro de <Exercício Anterior> | I36: Liquidados | J36: Pagos | K36: Cancelados | L36: Saldo
F37: (a) | G37: Anteriores | H37: <Exercício | L37: (b)
H38: Anterior>
A39: RESTOS A PAGAR (INTRA-ORÇAMENTÁRIOS) (II) | B39: =B40+B41 -> 0 | C39: =C40+C41 -> 11329895 | D39: =D40+D41 -> 11239639 | E39: =E40+E41 -> 90255.07 | F39: =F40+F41 -> 2.910383e-10 | G39: =G40+G41 -> 0 | H39: =H40+H41 -> 570083.47 | I39: =I40+I41 -> 338242.61 | ... M39: =M40+M41 -> 2.910383e-10
A40: PODER EXECUTIVO | B40: 0 | C40: 11329895 | D40: 11239639 | E40: 90255.07 | F40: =B40+C40-D40-E40 -> 2.910383e-10 | G40: 0 | H40: 555270.57 | I40: 323429.71 | J40: 323429.71 | K40: 231840.86 | L40: =G40+H40-J40-K40 -> 0 | M40: =F40+L40 -> 2.910383e-10
A41: PODER LEGISLATIVO | B41: =SUM(B42:B43) -> 0 | C41: =SUM(C42:C43) -> 0 | D41: =SUM(D42:D43) -> 0 | E41: =SUM(E42:E43) -> 0 | F41: =SUM(F42:F43) -> 0 | G41: =SUM(G42:G43) -> 0 | H41: =SUM(H42:H43) -> 14812.9 | I41: =SUM(I42:I43) -> 14812.9 | ... M41: =SUM(M42:M43) -> 0
A42: Câmara Municipal | B42: 0 | C42: 0 | D42: 0 | E42: 0 | F42: =B42+C42-D42-E42 -> 0 | G42: 0 | H42: 14812.9 | I42: 14812.9 | J42: 14812.9 | K42: 0 | L42: =G42+H42-J42-K42 -> 0 | M42: =F42+L42 -> 0
A43: Tribunal de Contas do Município | F43: =B43+C43-D43-E43 -> 0 | L43: =G43+H43-J43-K43 -> 0 | M43: =F43+L43 -> 0
A44: FONTE: Sistema CECAM, Unidade Responsável: CONTABILIDADE. Emissão: 24/01/2020, às 14:07:49. Assinado Digitalmente no dia 24/01/2020, às 14:07:49.
A48: NILSON ALCIDES GASPAR | E48: MARIANA ALVES RIZATO | J48: LUIS HENRIQUE BORTOLETTO
A49: PREFEITO MUNICIPAL | E49: CONTADORA | J49: COORDENADOR DE SERVIÇOS DE CONTABILIDADE
E50: CRC - SP 321123/O-4 | J50: CRC-SP 289944/O-3

Sheet RREO-Anexo 08
A2: PREFEITURA MUNICIPAL DE INDAIATUBA
A3: Av. Eng. Fabio R. Barnabe, 2800 - Jd. Esplanada II
A4: C.N.P.J. 44.733.608/0001-09
A5: Telefone: (19) 3834-9000
A6: Tabela 8.2 - Demonstrativo das Receitas e Despesas com Manutenção e Desenvolvimento do Ensino - MDE - MUNICÍPIOS
A8: PREFEITURA MUNICIPAL DE INDAIATUBA
A9: RELATÓRIO RESUMIDO DA EXECUÇÃO ORÇAMENTÁRIA
A10: DEMONSTRATIVO DAS RECEITAS E DESPESAS COM MANUTENÇÃO E DESENVOLVIMENTO DO ENSINO - MDE
A11: ORÇAMENTOS FISCAL E DA SEGURIDADE SOCIAL
A12: Período: 6º Bimestre | B12: =IF(IFERROR(SEARCH("SEMESTRE",A12,1),0)>0,"Semestre",IF(IFERROR(SEARCH("QUADRIMESTRE",A12,1),0)>0,"Quadrimestre",IF(IFERROR(SEARCH("TRIMESTRE",A12,1),0)>0,"Trimestre",IF(IFERROR(SEARCH("BIMESTRE",A12,1),0)>0,"Bimestre","Mês")))) -> Bimestre
A16: RREO - ANEXO 8 (LDB, art. 72) | E16: 1
A17: RECEITAS DO ENSINO
B18: PREVISÃO | C18: PREVISÃO | D18: RECEITAS REALIZADAS
A19: RECEITA RESULTANTE DE IMPOSTOS (caput do art. 212 da Constituição) | B19: INICIAL | C19: ATUALIZADA | D19: =CONCATENATE("Até o ", B12) -> Até o Bimestre | E19: %
C20: (a) | D20: (b) | E20: (c) = (b/a)x100
A21: 1- RECEITA DE IMPOSTOS | B21: =B22+B25+B28+B31+B32 -> 251018500 | C21: =C22+C25+C28+C31+C32 -> 2.5206601e+08 | D21: =D22+D25+D28+D31+D32 -> 2.9903195e+08 | E21: =IF(C21>0,D21/C21,0)*100 -> 118.6324
A22: 1.1- Receita Resultante do Imposto sobre a Propriedade Predial e Territorial Urbana – IPTU | B22: =SUM(B23:B24) -> 111775000 | C22: =SUM(C23:C24) -> 111775000 | D22: =SUM(D23:D24) -> 1.2267513e+08 | E22: =IF(C22>0,D22/C22,0)*100 -> 109.75185
A23: 1.1.1- IPTU | B23: 100000000 | C23: 100000000 | D23: 1.0464097e+08 | E23: =IF(C23>0,D23/C23,0)*100 -> 104.64097
A24: 1.1.2- Multas, Juros de Mora, Dívida Ativa e Outros Encargos do IPTU | B24: 11775000 | C24: 11775000 | D24: 18034166 | E24: =IF(C24>0,D24/C24,0)*100 -> 153.1564
A25: 1.2- Receita Resultante do Imposto sobre Transmissão Inter Vivos – ITBI | B25: =SUM(B26:B27) -> 24225500 | C25: =SUM(C26:C27) -> 24225500 | D25: =SUM(D26:D27) -> 35021176 | E25: =IF(C25>0,D25/C25,0)*100 -> 144.56327
A26: 1.2.1- ITBI | B26: 24000000 | C26: 24000000 | D26: 34603337 | E26: =IF(C26>0,D26/C26,0)*100 -> 144.18057
A27: 1.2.2- Multas, Juros de Mora, Dívida Ativa e Outros Encargos do ITBI | B27: 225500 | C27: 225500 | D27: 417838.83 | E27: =IF(C27>0,D27/C27,0)*100 -> 185.29438
A28: 1.3- Receita Resultante do Imposto sobre Serviços de Qualquer Natureza – ISS | B28: =SUM(B29:B30) -> 86668000 | C28: =SUM(C29:C30) -> 86668000 | D28: =SUM(D29:D30) -> 1.0157146e+08 | E28: =IF(C28>0,D28/C28,0)*100 -> 117.19603
A29: 1.3.1- ISS | B29: 82880000 | C29: 82880000 | D29: 95996951 | E29: =IF(C29>0,D29/C29,0)*100 -> 115.82644
A30: 1.3.2- Multas, Juros de Mora, Dívida Ativa e Outros Encargos do ISS | B30: 3788000 | C30: 3788000 | D30: 5574508 | E30: =IF(C30>0,D30/C30,0)*100 -> 147.1623
A31: 1.4- Receita Resultante do Imposto de Renda Retido na Fonte – IRRF | B31: 28350000 | C31: 29397509 | D31: 39764184 | E31: =IF(C31>0,D31/C31,0)*100 -> 135.26379
A32: 1.5- Receita Resultante do Imposto Territorial Rural – ITR (CF, art. 153, §4º, inciso III) | B32: =SUM(B33:B34) -> 0 | C32: =SUM(C33:C34) -> 0 | D32: =SUM(D33:D34) -> 0 | E32: =IF(C32>0,D32/C32,0)*100 -> 0
A33: 1.5.1- ITR | E33: =IF(C33>0,D33/C33,0)*100 -> 0
A34: 1.5.2- Multas, Juros de Mora, Dívida Ativa e Outros Encargos do ITR | E34: =IF(C34>0,D34/C34,0)*100 -> 0
A35: 2- RECEITA DE TRANSFERÊNCIAS CONSTITUCIONAIS E LEGAIS | B35: =B36+B40+B41+B42+B43+B44+B45 -> 381350000 | C35: =C36+C40+C41+C42+C43+C44+C45 -> 381350000 | D35: =D36+D40+D41+D42+D43+D44+D45 -> 3.9570953e+08 | E35: =IF(C35>0,D35/C35,0)*100 -> 103.76545
A36: 2.1- Cota-Parte FPM | B36: =SUM(B37:B39) -> 75600000 | C36: =SUM(C37:C39) -> 75600000 | D36: =SUM(D37:D39) -> 74827272 | E36: =IF(C36>0,D36/C36,0)*100 -> 98.977873
A37: 2.1.1- Parcela referente à CF, art. 159, I, alínea b | B37: 70000000 | C37: 70000000 | D37: 68861571 | E37: =IF(C37>0,D37/C37,0)*100 -> 98.373674
A38: 2.1.2- Parcela referente à CF, art. 159, I, alínea d | B38: 2800000 | C38: 2800000 | D38: 3038988.5 | E38: =IF(C38>0,D38/C38,0)*100 -> 108.5353
A39: 2.1.3- Parcela referente à CF, art. 159, I, alínea e | B39: 2800000 | C39: 2800000 | D39: 2926712.1 | E39: =IF(C39>0,D39/C39,0)*100 -> 104.52543
A40: 2.2- Cota-Parte ICMS | B40: 241000000 | C40: 241000000 | D40: 2.5342728e+08 | E40: =IF(C40>0,D40/C40,0)*100 -> 105.15655
A41: 2.3- ICMS-Desoneração – L.C. nº87/1996 | B41: 1100000 | C41: 1100000 | D41: 0 | E41: =IF(C41>0,D41/C41,0)*100 -> 0
A42: 2.4- Cota-Parte IPI-Exportação | B42: 1700000 | C42: 1700000 | D42: 1796171.8 | E42: =IF(C42>0,D42/C42,0)*100 -> 105.65717
A43: 2.5- Cota-Parte ITR | B43: 950000 | C43: 950000 | D43: 793121.23 | E43: =IF(C43>0,D43/C43,0)*100 -> 83.486445
A44: 2.6- Cota-Parte IPVA | B44: 61000000 | C44: 61000000 | D44: 64865686 | E44: =IF(C44>0,D44/C44,0)*100 -> 106.33719
A45: 2.7- Cota-Parte IOF-Ouro | E45: =IF(C45>0,D45/C45,0)*100 -> 0
A46: 3- TOTAL DA RECEITA DE IMPOSTOS (1 + 2) | B46: =B21+B35 -> 632368500 | C46: =C21+C35 -> 6.3341601e+08 | D46: =D21+D35 -> 6.9474148e+08 | E46: =IF(C46>0,D46/C46,0)*100 -> 109.68171
B48: PREVISÃO | C48: PREVISÃO | D48: RECEITAS REALIZADAS
A49: RECEITAS ADICIONAIS PARA FINANCIAMENTO DO ENSINO | B49: INICIAL | C49: ATUALIZADA | D49: =CONCATENATE("Até o ", B12) -> Até o Bimestre | E49: %
C50: (a) | D50: (b) | E50: (c) = (b/a)x100
A51: 4- RECEITA DA APLICAÇÃO FINANCEIRA DE OUTROS RECURSOS DE IMPOSTOS VINCULADOS AO ENSINO | B51: 250000 | C51: 250000 | D51: 59429.06 | E51: =IF(C51>0,D51/C51,0)*100 -> 23.771624
A52: 5- RECEITA DE TRANSFERÊNCIAS DO FNDE | B52: =SUM(B53:B58) -> 23126700 | C52: =SUM(C53:C58) -> 23292733 | D52: =SUM(D53:D58) -> 20312032 | E52: =IF(C52>0,D52/C52,0)*100 -> 87.203298
A53: 5.1- Transferências do Salário-Educação | B53: 17205000 | C53: 17205000 | D53: 13942635 | E53: =IF(C53>0,D53/C53,0)*100 -> 81.038275
A54: 5.2- Transferências Diretas - PDDE | B54: 0 | C54: 1000 | D54: 1000 | E54: =IF(C54>0,D54/C54,0)*100 -> 100
A55: 5.3- Transferências Diretas - PNAE | B55: 4995000 | C55: 4995000 | D55: 4764758 | E55: =IF(C55>0,D55/C55,0)*100 -> 95.390551
A56: 5.4 - Transferências Diretas - PNATE | B56: 74500 | C56: 85236.1 | D56: 80731.36 | E56: =IF(C56>0,D56/C56,0)*100 -> 94.714986
A57: 5.5- Outras Transferências do FNDE | B57: 0 | C57: 0 | D57: 22774.09 | E57: =IF(C57>0,D57/C57,0)*100 -> 0
A58: 5.6- Aplicação Financeira dos Recursos do FNDE | B58: 852200 | C58: 1006497.2 | D58: 1500133.2 | E58: =IF(C58>0,D58/C58,0)*100 -> 149.04494
A59: 6- RECEITA DE TRANSFERÊNCIAS DE CONVÊNIOS | B59: =SUM(B60:B61) -> 9946000 | C59: =SUM(C60:C61) -> 10158680 | D59: =SUM(D60:D61) -> 9941032.7 | E59: =IF(C59>0,D59/C59,0)*100 -> 97.857527
A60: 6.1- Transferências de Convênios | B60: 9931000 | C60: 10134680 | D60: 9929403.4 | E60: =IF(C60>0,D60/C60,0)*100 -> 97.974517
A61: 6.2- Aplicação Financeira dos Recursos de Convênios | B61: 15000 | C61: 24000 | D61: 11629.24 | E61: =IF(C61>0,D61/C61,0)*100 -> 48.455167
A62: 7- RECEITA DE OPERAÇÕES DE CRÉDITO | E62: =IF(C62>0,D62/C62,0)*100 -> 0
A63: 8- OUTRAS RECEITAS PARA FINANCIAMENTO DO ENSINO | E63: =IF(C63>0,D63/C63,0)*100 -> 0
A64: 9- TOTAL DAS RECEITAS ADICIONAIS PARA FINANCIAMENTO DO ENSINO (4 + 5 + 6 + 7 + 8) | B64: =B51+B52+B59+B62+B63 -> 33322700 | C64: =C51+C52+C59+C62+C63 -> 33701413 | D64: =D51+D52+D59+D62+D63 -> 30312493 | E64: =IF(C64>0,D64/C64,0)*100 -> 89.944281
A66: FUNDEB
B67: PREVISÃO | C67: PREVISÃO | D67: RECEITAS REALIZADAS
A68: RECEITAS DO FUNDEB | B68: INICIAL | C68: ATUALIZADA | D68: =CONCATENATE("Até o ", B12) -> Até o Bimestre | E68: %
C69: (a) | D69: (b) | E69: (c) = (b/a)x100
A70: 10- RECEITAS DESTINADAS AO FUNDEB | B70: =SUM(B71:B76) -> 75150000 | C70: =SUM(C71:C76) -> 75150000 | D70: =SUM(D71:D76) -> 77948765 | E70: =IF(C70>0,D70/C70,0)*100 -> 103.72424
A71: 10.1- Cota-Parte FPM Destinada ao FUNDEB – (20% de 2.1.1) | B71: 14000000 | C71: 14000000 | D71: 13772314 | E71: =IF(C71>0,D71/C71,0)*100 -> 98.37367
A72: 10.2- Cota-Parte ICMS Destinada ao FUNDEB – (20% de 2.2) | B72: 48200000 | C72: 48200000 | D72: 50685455 | E72: =IF(C72>0,D72/C72,0)*100 -> 105.15655
A73: 10.3- ICMS-Desoneração Destinada ao FUNDEB – (20% de 2.3) | B73: 220000 | C73: 220000 | D73: 0 | E73: =IF(C73>0,D73/C73,0)*100 -> 0
A74: 10.4- Cota-Parte IPI-Exportação Destinada ao FUNDEB – (20% de 2.4) | B74: 340000 | C74: 340000 | D74: 359234.42 | E74: =IF(C74>0,D74/C74,0)*100 -> 105.65718
A75: 10.5- Cota-Parte ITR ou ITR Arrecadado Destinados ao FUNDEB – (20% de ((1.5 – 1.5.5) + 2.5)) | B75: 190000 | C75: 190000 | D75: 158624.13 | E75: =IF(C75>0,D75/C75,0)*100 -> 83.486384
A76: 10.6- Cota-Parte IPVA Destinada ao FUNDEB – (20% de 2.6) | B76: 12200000 | C76: 12200000 | D76: 12973138 | E76: =IF(C76>0,D76/C76,0)*100 -> 106.33719
A77: 11- RECEITAS RECEBIDAS DO FUNDEB | B77: =SUM(B78:B80) -> 110150000 | C77: =SUM(C78:C80) -> 1.2046266e+08 | D77: =SUM(D78:D80) -> 1.2018689e+08 | E77: =IF(C77>0,D77/C77,0)*100 -> 99.771073
A78: 11.1- Transferências de Recursos do FUNDEB | B78: 110000000 | C78: 1.2017259e+08 | D78: 1.1990111e+08 | E78: =IF(C78>0,D78/C78,0)*100 -> 99.774096
A79: 11.2- Complementação da União ao FUNDEB | E79: =IF(C79>0,D79/C79,0)*100 -> 0
A80: 11.3- Receita de Aplicação Financeira dos Recursos do FUNDEB | B80: 150000 | C80: 290072.88 | D80: 285775.6 | E80: =IF(C80>0,D80/C80,0)*100 -> 98.518552
A81: 12- RESULTADO LÍQUIDO DAS TRANSFERÊNCIAS DO FUNDEB (11.1 – 10) | B81: =B78-B70 -> 34850000 | C81: =C78-C70 -> 45022587 | D81: =D78-D70 -> 41952347 | E81: =IF(C81>0,D81/C81,0)*100 -> 93.180668
A82: [SE RESULTADO LÍQUIDO DA TRANSFERÊNCIA (12) > 0] = ACRÉSCIMO RESULTANTE DAS TRANSFERÊNCIAS DO FUNDEB
A83: =IF(D81=0,"",IF(D81>0,"ACRÉSCIMO RESULTANTE DAS TRANSFERÊNCIAS DO FUNDEB","DECRÉSCIMO RESULTANTE DAS TRANSFERÊNCIAS DO FUNDEB")) -> ACRÉSCIMO RESULTANTE DAS TRANSFERÊNCIAS DO FUNDEB
A85: DESPESAS DO FUNDEB | B85: DOTAÇÃO | C85: DOTAÇÃO | D85: DESPESAS EMPENHADAS | F85: DESPESAS LIQUIDADAS | H85: INSCRITAS EM RESTOS A PAGAR NÃO PROCESSADOS6
B86: INICIAL | C86: ATUALIZADA | D86: =CONCATENATE("Até o ", B12) -> Até o Bimestre | E86: % | F86: =CONCATENATE("Até o ", B12) -> Até o Bimestre | G86: %
C87: (d) | D87: (e) | E87: (f) = (e/d)x100 | F87: (g) | G87: (h) = (g/d)x100 | H87: (i)
A88: 13- PAGAMENTO DOS PROFISSIONAIS DO MAGISTÉRIO | B88: =SUM(B89:B90) -> 84453000 | C88: =SUM(C89:C90) -> 89993660 | D88: =SUM(D89:D90) -> 89879026 | E88: =IF(C88>0,(D88/C88)*100,0) -> 99.87262 | F88: =SUM(F89:F90) -> 89879026 | G88: =IF(C88>0,(F88/C88)*100,0) -> 99.87262 | H88: =SUM(H89:H90) -> 0
A89: 13.1- Com Educação Infantil | B89: 25597000 | C89: 26990000 | D89: 26959384 | E89: =IF(C89>0,(D89/C89)*100,0) -> 99.886567 | F89: 26959384 | G89: =IF(C89>0,(F89/C89)*100,0) -> 99.886567 | H89: 0
A90: 13.2- Com Ensino Fundamental | B90: 58856000 | C90: 63003660 | D90: 62919641 | E90: =IF(C90>0,(D90/C90)*100,0) -> 99.866645 | F90: 62919641 | G90: =IF(C90>0,(F90/C90)*100,0) -> 99.866645 | H90: 0
A91: 14- OUTRAS DESPESAS | B91: =SUM(B92:B93) -> 25697000 | C91: =SUM(C92:C93) -> 30469000 | D91: =SUM(D92:D93) -> 30307862 | E91: =IF(C91>0,(D91/C91)*100,0) -> 99.471143 | F91: =SUM(F92:F93) -> 30307862 | G91: =IF(C91>0,(F91/C91)*100,0) -> 99.471143 | H91: =SUM(H92:H93) -> 0
A92: 14.1- Com Educação Infantil | B92: 17693000 | C92: 19228000 | D92: 19181575 | E92: =IF(C92>0,(D92/C92)*100,0) -> 99.758553 | F92: 19181575 | G92: =IF(C92>0,(F92/C92)*100,0) -> 99.758553 | H92: 0
A93: 14.2- Com Ensino Fundamental | B93: 8004000 | C93: 11241000 | D93: 11126288 | E93: =IF(C93>0,(D93/C93)*100,0) -> 98.979519 | F93: 11126288 | G93: =IF(C93>0,(F93/C93)*100,0) -> 98.979519 | H93: 0
A94: 15- TOTAL DAS DESPESAS DO FUNDEB (13 + 14) | B94: =B88+B91 -> 110150000 | C94: =C88+C91 -> 1.2046266e+08 | D94: =D88+D91 -> 1.2018689e+08 | E94: =IF(C94>0,(D94/C94)*100,0) -> 99.771073 | F94: =F88+F91 -> 1.2018689e+08 | G94: =IF(C94>0,(F94/C94)*100,0) -> 99.771073 | H94: =H88+H91 -> 0
A96: DEDUÇÕES PARA FINS DO LIMITE DO FUNDEB | B96: VALOR
A97: 16- RESTOS A PAGAR INSCRITOS NO EXERCÍCIO SEM DISPONIBILIDADE FINANCEIRA DE RECURSOS DO FUNDEB
A98: 16.1 - FUNDEB 60% | B98: =B97*0.6 -> 0
A99: 16.2 - FUNDEB 40% | B99: =B97-B98 -> 0
A100: 17- DESPESAS CUSTEADAS COM O SUPERÁVIT FINANCEIRO, DO EXERCÍCIO ANTERIOR, DO FUNDEB | B100: =SUM(B101:B102) -> 0
A101: 17.1 - FUNDEB 60%
A102: 17.2 - FUNDEB 40%
A103: 18- TOTAL DAS DEDUÇÕES CONSIDERADAS PARA FINS DE LIMITE DO FUNDEB (16 + 17) | B103: =B97+B100 -> 0
A105: INDICADORES DO FUNDEB | B105: VALOR
A106: 19 - TOTAL DAS DESPESAS DO FUNDEB PARA FINS DE LIMITE (15 - 18) | B106: =F94-B103 -> 1.2018689e+08
A107: 19.1 - Mínimo de 60% do FUNDEB na Remuneração do Magistério1 (13 - (16.1 + 17.1)) / (11) x 100) % | B107: =IF(D77>0,(F88-(B98+B101))/D77*100,0) -> 74.782721
A108: 19.2 - Máximo de 40% em Despesa com MDE, que não Remuneração do Magistério (14 - (16.2 + 17.2)) / (11) x 100) % | B108: =IF(D77>0,(F91-(B99+B102))/D77*100,0) -> 25.217279
A109: 19.3 - Máximo de 5% não Aplicado no Exercício (100 - (19.1 +19.2)) % | B109: =100-B107-B108 -> 0
A111: CONTROLE DA UTILIZAÇÃO DE RECURSOS NO EXERCÍCIO SUBSEQÜENTE | B111: VALOR
...

Sheet RREO-Anexo 09
A2: PREFEITURA MUNICIPAL DE INDAIATUBA
A3: Av. Eng. Fabio R. Barnabe, 2800 - Jd. Esplanada II
A4: C.N.P.J. 44.733.608/0001-09
A5: Telefone: (19) 3834-9000
A6: Tabela 9 – Demonstrativo das Receitas de Operações de Crédito e Despesas de Capital
A8: PREFEITURA MUNICIPAL DE INDAIATUBA
A9: RELATÓRIO RESUMIDO DA EXECUÇÃO ORÇAMENTÁRIA
A10: DEMONSTRATIVO DAS RECEITAS DE OPERAÇÕES DE CRÉDITO E DESPESAS DE CAPITAL
A11: ORÇAMENTOS FISCAL E DA SEGURIDADE SOCIAL
A12: Período: 6º Bimestre | B12: =IF(IFERROR(SEARCH("SEMESTRE",A12,1),0)>0,"Semestre",IF(IFERROR(SEARCH("QUADRIMESTRE",A12,1),0)>0,"Quadrimestre",IF(IFERROR(SEARCH("TRIMESTRE",A12,1),0)>0,"Trimestre",IF(IFERROR(SEARCH("BIMESTRE",A12,1),0)>0,"Bimestre","Mês")))) -> Bimestre
A16: RREO – ANEXO 9 (LRF, art.53, § 1º, inciso I) | D16: Em Reais
A17: RECEITAS | B17: PREVISÃO ATUALIZADA | C17: RECEITAS REALIZADAS | D17: SALDO NÃO REALIZADO
B18: (a) | C18: (b) | D18: (c) = (a – b)
A19: RECEITAS DE OPERAÇÕES DE CRÉDITO1 (I) | B19: 15282109 | C19: 448485.81 | D19: =B19-C19 -> 14833623
B21: DOTAÇÃO | C21: DESPESAS | D21: SALDO NÃO EXECUTADO
A22: DESPESAS | B22: ATUALIZADA | C22: EMPENHADAS
B23: (d) | C23: (e) | D23: (f) = (d – e)
A24: DESPESAS DE CAPITAL | B24: =B25+B26+B27 -> 1.9910236e+08 | C24: =C25+C26+C27 -> 1.4988313e+08 | D24: =B24-C24 -> 49219233
A25: Investimentos | B25: 1.8903376e+08 | C25: 1.4253791e+08 | D25: =B25-C25 -> 46495853
A26: Inversões Financeiras | D26: =B26-C26 -> 0
A27: Amortização da Dívida | B27: 10068600 | C27: 7345220.1 | D27: =B27-C27 -> 2723380
A28: (-) Incentivos Fiscais a Contribuinte | D28: =B28-C28 -> 0
A29: (-) Incentivos Fiscais a Contribuinte por Instituições Financeiras | D29: =B29-C29 -> 0
A30: DESPESA DE CAPITAL LÍQUIDA (II) | B30: =B24-B28-B29 -> 1.9910236e+08 | C30: =C24-C28-C29 -> 1.4988313e+08 | D30: =D24-D28-D29 -> 49219233
A31: RESULTADO PARA APURAÇÃO DA | B31: =B19-B30 -> -1.8382025e+08 | C31: =C19-C30 -> -1.4943464e+08 | D31: =D30-D19 -> 34385610
A32: REGRA DE OURO (III) = (I – II)
A33: FONTE: Sistema CECAM, Unidade Responsável: CONTABILIDADE. Emissão: 24/01/2020, às 14:09:55. Assinado Digitalmente no dia 24/01/2020, às 14:09:55.
A34: Notas:
A35: 1 Operações de Crédito descritas na CF, art. 167, inciso III
A42: NILSON ALCIDES GASPAR | C42: MARIANA ALVES RIZATO | E42: LUIS HENRIQUE BORTOLETTO
A43: PREFEITO MUNICIPAL | C43: CONTADORA | E43: COORDENADOR DE SERVIÇOS DE CONTABILIDADE
C44: CRC - SP3211/23/O-4 | E44: CRC-SP 289944/O-3

Sheet RREO-Anexo 10
A2: PREFEITURA MUNICIPAL DE INDAIATUBA
A3: Av. Eng. Fabio R. Barnabe, 2800 - Jd. Esplanada II
A4: C.N.P.J. 44.733.608/0001-09
A5: Telefone: (19) 3834-9000
A6: Tabela 10.1 - Demonstrativo da Projeção Atuarial do Regime Próprio de Previdência dos Servidores
A8: PREFEITURA MUNICIPAL DE INDAIATUBA
A9: RELATÓRIO RESUMIDO DA EXECUÇÃO ORÇAMENTÁRIA
A10: DEMONSTRATIVO DA PROJEÇÃO ATUARIAL DO REGIME PRÓPRIO DE PREVIDÊNCIA DOS SERVIDORES
A11: ORÇAMENTO DA SEGURIDADE SOCIAL
A12: Período: 6º Bimestre
A16: RREO – ANEXO 10 (LRF, art. 53, § 1º, inciso II) | E16: Em Reais
A17: PLANO PREVIDÊNCIARIO
A18: EXERCÍCIO | B18: RECEITAS | C18: DESPESAS | D18: RESULTADO | E18: SALDO FINANCEIRO
B19: PREVIDENCIÁRIAS | C19: PREVIDENCIÁRIAS | D19: PREVIDENCIÁRIO | E19: DO EXERCÍCIO
B20: (a) | C20: (b) | D20: (c) = (a - b) | E20: (d) = (“d” exerc. Anterior) + (c)
A21: 2018 | D21: 0 | E21: 1.2267827e+09
A22: 2019 | B22: 1.4868538e+08 | C22: 63279342 | D22: =SUM(B22-C22) -> 85406035 | E22: =SUM(E21+D22) -> 1.3121888e+09
A23: 2020 | B23: 1.5285361e+08 | C23: 70291324 | D23: =SUM(B23-C23) -> 82562283 | E23: =SUM(E22+D23) -> 1.3947511e+09
A24: 2021 | B24: 1.5657827e+08 | C24: 78387896 | D24: =SUM(B24-C24) -> 78190372 | E24: =SUM(E23+D24) -> 1.4729414e+09
A25: 2022 | B25: 1.6012387e+08 | C25: 86425141 | D25: =SUM(B25-C25) -> 73698727 | E25: =SUM(E24+D25) -> 1.5466401e+09
A26: 2023 | B26: 1.6300664e+08 | C26: 94793239 | D26: =SUM(B26-C26) -> 68213400 | E26: =SUM(E25+D26) -> 1.6148535e+09
A27: 2024 | B27: 1.656753e+08 | C27: 1.0243327e+08 | D27: =SUM(B27-C27) -> 63242025 | E27: =SUM(E26+D27) -> 1.6780956e+09
A28: 2025 | B28: 1.6757115e+08 | C28: 1.113937e+08 | D28: =SUM(B28-C28) -> 56177453 | E28: =SUM(E27+D28) -> 1.734273e+09
A29: 2026 | B29: 1.6898103e+08 | C29: 1.2076156e+08 | D29: =SUM(B29-C29) -> 48219467 | E29: =SUM(E28+D29) -> 1.7824925e+09
A30: 2027 | B30: 1.6953876e+08 | C30: 1.3043319e+08 | D30: =SUM(B30-C30) -> 39105571 | E30: =SUM(E29+D30) -> 1.8215981e+09
A31: 2028 | B31: 1.6968949e+08 | C31: 1.4014806e+08 | D31: =SUM(B31-C31) -> 29541429 | E31: =SUM(E30+D31) -> 1.8511395e+09
A32: 2029 | B32: 1.6883255e+08 | C32: 1.4964991e+08 | D32: =SUM(B32-C32) -> 19182647 | E32: =SUM(E31+D32) -> 1.8703221e+09
A33: 2030 | B33: 1.6798585e+08 | C33: 1.5584988e+08 | D33: =SUM(B33-C33) -> 12135966 | E33: =SUM(E32+D33) -> 1.8824581e+09
... A96: 2093 | B96: 59901972 | C96: 216055.13 | D96: =SUM(B96-C96) -> 59685917 | E96: =SUM(E95+D96) -> 1.0579236e+09
A98: FONTE: Sistema <sistema>, Unidade Responsável: <Unidade Responsável>. Emissão: <dd/mm/aaaa>, às <hh:mm:ss>. Assinado Digitalmente no dia <dd/mm/aaaa>, às <hh:mm:ss>.
A99: Notas: 1 Projeção atuarial elaborada em <DATA DA AVALIAÇÃO> e oficialmente enviada para o Ministério da Previdência Social – MPS.
A100: 2 Este Demonstrativo utiliza as seguintes hipóteses: <HIPÓTESE>: <VALOR>
A104: NILSON ALCIDES GASPAR | C104: MARIANA ALVES RIZATO | D104: LUIS HENRIQUE BORTOLETTO
A105: PREFEITO MUNICIPAL | C105: CONTADORA | D105: COORDENADOR DE SERVIÇOS DE CONTABILIDADE
C106: CRC - SP 321123/O-4 | D106: CRC-SP 289944/O-3
A110: PLANO FINANCEIRO
A111: EXERCÍCIO | B111: RECEITAS | C111: DESPESAS | D111: RESULTADO | E111: SALDO FINANCEIRO
B112: PREVIDENCIÁRIAS | C112: PREVIDENCIÁRIAS | D112: PREVIDENCIÁRIO | E112: DO EXERCÍCIO
B113: (a) | C113: (b) | D113: (c) = (a - b) | E113: (d) = (“d” exerc. Anterior) + (c)
A189: =A98 -> FONTE: Sistema <sistema>, Unidade Responsável: <Unidade Responsável>. Emissão: <dd/mm/aaaa>, às <hh:mm:ss>. Assinado Digitalmente no dia <dd/mm/aaaa>, às <hh:mm:ss>.
A190: =A99 -> Notas: 1 Projeção atuarial elaborada em <DATA DA AVALIAÇÃO> e oficialmente enviada para o Ministério da Previdência Social – MPS.
A191: =A100 -> 2 Este Demonstrativo utiliza as seguintes hipóteses: <HIPÓTESE>: <VALOR>

Sheet RREO-Anexo 11
A2: PREFEITURA MUNICIPAL DE INDAIATUBA
A3: Av. Eng. Fabio R. Barnabe, 2800 - Jd. Esplanada II
A4: C.N.P.J. 44.733.608/0001-09
A5: Telefone: (19) 3834-9000
A6: Tabela 11 - Demonstrativo da Receita de Alienação de Ativos e Aplicação dos Recursos
A8: PREFEITURA MUNICIPAL DE INDAIATUBA
A9: RELATÓRIO RESUMIDO DA EXECUÇÃO ORÇAMENTÁRIA
A10: DEMONSTRATIVO DA RECEITA DE ALIENAÇÃO DE ATIVOS E APLICAÇÃO DOS RECURSOS
A11: ORÇAMENTOS FISCAL E DA SEGURIDADE SOCIAL
A12: Período: 6º Bimestre | B12: =IF(IFERROR(SEARCH("SEMESTRE",A12,1),0)>0,"Semestre",IF(IFERROR(SEARCH("QUADRIMESTRE",A12,1),0)>0,"Quadrimestre",IF(IFERROR(SEARCH("TRIMESTRE",A12,1),0)>0,"Trimestre",IF(IFERROR(SEARCH("BIMESTRE",A12,1),0)>0,"Bimestre","Mês")))) -> Bimestre
A16: RREO – ANEXO 11 (LRF, art. 53, § 1º, inciso III ) | D16: Em Reais
A17: RECEITAS | B17: PREVISÃO ATUALIZADA | C17: RECEITAS REALIZADAS | D17: SALDO
B18: (a) | C18: (b) | D18: (c) = (a-b)
A19: RECEITAS DE ALIENAÇÃO DE ATIVOS (I) | B19: =B20+B21+B22+B23 -> 20100 | C19: =C20+C21+C22+C23 -> 1930005.6 | D19: =B19-C19 -> -1909905.6
A20: Receita de Alienação de Bens Móveis | D20: =B20-C20 -> 0
A21: Receita de Alienação de Bens Imóveis | B21: 20000 | C21: 1926805.5 | D21: =B21-C21 -> -1906805.5
A22: Receita de Alienação de Bens Intangiveis | B22: 0 | D22: =B22-C22 -> 0
A23: Receita de Rendimento de Aplicações Financeiras | B23: 100 | C23: 3200.06 | D23: =B23-C23 -> -3100.06
B25: DOTAÇÃO ATUALIZADA | C25: DESPESAS | D25: DESPESAS | E25: DESPESAS (e) | F25: DESPESAS INSCRITAS EM RESTOS A PAGAR NÃO PROCESSADOS | G25: PAGAMENTO | H25: SALDO
A26: DESPESAS | C26: EMPENHADAS | D26: LIQUIDADAS | E26: PAGAS | G26: DE RESTOS A PAGAR
B27: (d) | C27: (e) | E27: (f) | G27: (g) | H27: (h) = (d-e)
A28: APLICAÇÃO DOS RECURSOS DA ALIENAÇÃO DE ATIVOS (II) | B28: =B29+B33 -> 129697.13 | C28: =C29+C33 -> 109597.13 | D28: =D29+D33 -> 109597.13 | E28: =E29+E33 -> 109597.13 | F28: =F29+F33 -> 0 | G28: =G29+G33 -> 0 | H28: =B28-E28 -> 20100
A29: Despesas de Capital | B29: =B30+B31+B32 -> 129697.13 | C29: =C30+C31+C32 -> 109597.13 | D29: =D30+D31+D32 -> 109597.13 | E29: =E30+E31+E32 -> 109597.13 | F29: =F30+F31+F32 -> 0 | G29: =G30+G31+G32 -> 0 | H29: =B29-C29 -> 20100
A30: Investimentos | H30: =B30-C30 -> 0
A31: Inversões Financeiras | H31: =B31-C31 -> 0
A32: Amortização da Dívida | B32: 129697.13 | C32: 109597.13 | D32: 109597.13 | E32: 109597.13 | F32: 0 | G32: 0 | H32: =B32-C32 -> 20100
A33: Despesas Correntes dos Regimes de Previdência | B33: =B34 -> 0 | C33: =C34 -> 0 | D33: =D34 -> 0 | E33: =E34 -> 0 | F33: =F34 -> 0 | G33: =G34 -> 0 | H33: =B33-C33 -> 0
A34: Regime Próprio dos Servidores Públicos | H34: =B34-C34 -> 0
A36: SALDO FINANCEIRO A APLICAR | B36: <EXERCÍCIO ANTERIOR> | C36: <EXERCÍCIO> | D36: SALDO ATUAL
B37: (i) | C37: (j) = (Ib – (IIf+ IIg)) | D37: (k) = (IIIi + IIIj)
A38: VALOR (III) | B38: 109597.13 | C38: =C19-(E28+G28) -> 1820408.5 | D38: =B38+C38 -> 1930005.6
A39: FONTE: Sistema CECAM, Unidade Responsável: CONTABILIDADE. Emissão: 24/01/2020, às 14:10:07. Assinado Digitalmente no dia 24/01/2020, às 14:10:07.
A45: NILSON ALCIDES GASPAR | C45: MARIANA ALVES RIZATO | F45: LUIS HENRIQUE BORTOLETTO
A46: PREFEITO MUNICIPAL | C46: CONTADORA | F46: COORDENADOR DE SERVIÇOS DE CONTABILIDADE
D47: CRC - SP3211/23/O-4 | F47: CRC-SP 289944/O-3

Sheet RREO-Anexo 12
A2: PREFEITURA MUNICIPAL DE INDAIATUBA
A3: Av. Eng. Fabio R. Barnabe, 2800 - Jd. Esplanada II
A4: C.N.P.J. 44.733.608/0001-09
A5: Telefone: (19) 3834-9000
A6: Tabela 12.2 - Demonstrativo das Despesas com Saúde - Municípios
A8: PREFEITURA MUNICIPAL DE INDAIATUBA
A9: RELATÓRIO RESUMIDO DA EXECUÇÃO ORÇAMENTÁRIA
A10: DEMONSTRATIVO DAS RECEITAS E DESPESAS COM AÇÕES E SERVIÇOS PÚBLICOS DE SAÚDE
A11: ORÇAMENTOS FISCAL E DA SEGURIDADE SOCIAL
A12: Período: 6º Bimestre | B12: =IF(IFERROR(SEARCH("SEMESTRE",A12,1),0)>0,"Semestre",IF(IFERROR(SEARCH("QUADRIMESTRE",A12,1),0)>0,"Quadrimestre",IF(IFERROR(SEARCH("TRIMESTRE",A12,1),0)>0,"Trimestre",IF(IFERROR(SEARCH("BIMESTRE",A12,1),0)>0,"Bimestre","Mês")))) -> Bimestre
A16: RREO – ANEXO 12 (LC 141/2012, art. 35) | E16: 1
B17: PREVISÃO | C17: PREVISÃO | D17: RECEITAS REALIZADAS
A18: RECEITAS PARA APURAÇÃO DA APLICAÇÃO EM AÇÕES E SERVIÇOS PÚBLICOS DE SAÚDE | B18: INICIAL | C18: ATUALIZADA | D18: =CONCATENATE("Até o ", B12) -> Até o Bimestre | E18: %
C19: (a) | D19: (b) | E19: (b/a) x 100
A20: RECEITA DE IMPOSTOS LÍQUIDA (I) | B20: =SUM(B21:B28) -> 251018500 | C20: =SUM(C21:C28) -> 2.5206601e+08 | D20: =SUM(D21:D28) -> 2.9903195e+08 | E20: =IF(C20>0,D20/C20*100,0) -> 118.6324
A21: Imposto Predial e Territorial Urbano - IPTU | B21: 100000000 | C21: 100000000 | D21: 1.0464097e+08 | E21: =IF(C21>0,D21/C21*100,0) -> 104.64097
A22: Imposto sobre Transmissão de Bens Intervivos - ITBI | B22: 24000000 | C22: 24000000 | D22: 34603337 | E22: =IF(C22>0,D22/C22*100,0) -> 144.18057
A23: Imposto sobre Serviços de Qualquer Natureza - ISS | B23: 82880000 | C23: 82880000 | D23: 95996951 | E23: =IF(C23>0,D23/C23*100,0) -> 115.82644
A24: Imposto de Renda Retido na Fonte - IRRF | B24: 28350000 | C24: 29397509 | D24: 39764184 | E24: =IF(C24>0,D24/C24*100,0) -> 135.26379
A25: Imposto Territorial Rural - ITR | E25: =IF(C25>0,D25/C25*100,0) -> 0
A26: Multas, Juros de Mora e Outros Encargos dos Impostos | B26: 1780000 | C26: 1780000 | D26: 2297648.8 | E26: =IF(C26>0,D26/C26*100,0) -> 129.0814
A27: Dívida Ativa dos Impostos | B27: 10795000 | C27: 10795000 | D27: 15777027 | E27: =IF(C27>0,D27/C27*100,0) -> 146.15124
A28: Multas, Juros de Mora e Outros Encargos da Dívida Ativa | B28: 3213500 | C28: 3213500 | D28: 5951837.9 | E28: =IF(C28>0,D28/C28*100,0) -> 185.21357
A29: RECEITA DE TRANSFERÊNCIAS CONSTITUCIONAIS E LEGAIS (II) | B29: =SUM(B30:B35) -> 375750000 | C29: =SUM(C30:C35) -> 375750000 | D29: =SUM(D30:D35) -> 389743828 | E29: =IF(C29>0,D29/C29*100,0) -> 103.72424
A30: Cota-Parte FPM | B30: 70000000 | C30: 70000000 | D30: 68861571 | E30: =IF(C30>0,D30/C30*100,0) -> 98.373674
A31: Cota-Parte ITR | B31: 950000 | C31: 950000 | D31: 793121.23 | E31: =IF(C31>0,D31/C31*100,0) -> 83.486445
A32: Cota-Parte IPVA | B32: 61000000 | C32: 61000000 | D32: 64865686 | E32: =IF(C32>0,D32/C32*100,0) -> 106.33719
A33: Cota-Parte ICMS | B33: 241000000 | C33: 241000000 | D33: 2.5342728e+08 | E33: =IF(C33>0,D33/C33*100,0) -> 105.15655
A34: Cota-Parte IPI-Exportação | B34: 1700000 | C34: 1700000 | D34: 1796171.8 | E34: =IF(C34>0,D34/C34*100,0) -> 105.65717
A35: Compensações Financeiras Provenientes de Impostos e Transferências Constitucionais | B35: =B36+B37 -> 1100000 | C35: =C36+C37 -> 1100000 | D35: =D36+D37 -> 0 | E35: =IF(C35>0,D35/C35*100,0) -> 0
A36: Desoneração ICMS (LC 87/96) | B36: 1100000 | C36: 1100000 | D36: 0 | E36: =IF(C36>0,D36/C36*100,0) -> 0
A37: Outras | E37: =IF(C37>0,D37/C37*100,0) -> 0
A38: TOTAL DAS RECEITAS PARA APURAÇÃO DA APLICAÇÃO EM AÇÕES E SERVIÇOS PÚBLICOS DE SAÚDE (III) = I + II | B38: =B20+B29 -> 626768500 | C38: =C20+C29 -> 6.2781601e+08 | D38: =D20+D29 -> 6.8877578e+08 | E38: =IF(C38>0,D38/C38*100,0) -> 109.70981
A40: RECEITAS ADICIONAIS PARA FINANCIAMENTO DA SAÚDE | B40: PREVISÃO | C40: PREVISÃO | D40: RECEITAS REALIZADAS
B41: INICIAL | C41: ATUALIZADA | D41: =CONCATENATE("Até o ", B12) -> Até o Bimestre | E41: %
C42: (c) | D42: (d) | E42: (d/c) x 100
A43: TRANSFERÊNCIA DE RECURSOS DO SISTEMA ÚNICO DE SAÚDE-SUS | B43: =SUM(B44:B47) -> 49537000 | C43: =SUM(C44:C47) -> 50999200 | D43: =SUM(D44:D47) -> 53059508 | E43: =IF(C43>0,D43/C43*100,0) -> 104.03988
A44: Provenientes da União | B44: 48714000 | C44: 49608818 | D44: 51277363 | E44: =IF(C44>0,D44/C44*100,0) -> 103.3634
A45: Provenientes dos Estados | B45: 823000 | C45: 1390382.6 | D45: 1782145 | E45: =IF(C45>0,D45/C45*100,0) -> 128.17659
A46: Provenientes de Outros Municípios | E46: =IF(C46>0,D46/C46*100,0) -> 0
A47: Outras Receitas do SUS | E47: =IF(C47>0,D47/C47*100,0) -> 0
A48: TRANSFERÊNCIAS VOLUNTÁRIAS | B48: 0 | C48: 127500 | D48: 0 | E48: =IF(C48>0,D48/C48*100,0) -> 0
A49: RECEITAS DE OPERAÇÕES DE CRÉDITO VINCULADAS À SAÚDE | E49: =IF(C49>0,D49/C49*100,0) -> 0
A50: OUTRAS RECEITAS PARA FINANCIAMENTO DA SAÚDE | B50: 832500 | C50: 1585508.7 | D50: 1837543.6 | E50: =IF(C50>0,D50/C50*100,0) -> 115.89615
A51: TOTAL RECEITAS ADICIONAIS PARA FINANCIAMENTO DA SAÚDE | B51: =B43+B48+B49+B50 -> 50369500 | C51: =C43+C48+C49+C50 -> 52712209 | D51: =D43+D48+D49+D50 -> 54897052 | E51: =IF(C51>0,D51/C51*100,0) -> 104.14485
A53: DESPESAS COM SAÚDE | B53: DOTAÇÃO | C53: DOTAÇÃO | D53: DESPESAS EMPENHADAS | F53: DESPESAS LIQUIDADAS | H53: Inscritas em Restos a Pagar não Processados7
B54: INICIAL | C54: ATUALIZADA | D54: =CONCATENATE("Até o ", B12) -> Até o Bimestre | E54: % | F54: =CONCATENATE("Até o ", B12) -> Até o Bimestre | G54: %
A55: (Por Grupo de Natureza da Despesa) | C55: (e) | D55: (f) | E55: (f/e) x 100 | F55: (g) | G55: (g/e) x 100
A56: DESPESAS CORRENTES | B56: =SUM(B57:B59) -> 257656300 | C56: =SUM(C57:C59) -> 3.0742222e+08 | D56: =SUM(D57:D59) -> 2.9242377e+08 | E56: =IF(C56>0,D56/C56*100,0) -> 95.121224 | F56: =SUM(F57:F59) -> 2.7981156e+08 | G56: =IF(C56>0,F56/C56*100,0) -> 91.018652 | H56: =SUM(H57:H59) -> 12612217
A57: Pessoal e Encargos Sociais | B57: 98323500 | C57: 1.1813078e+08 | D57: 1.1548881e+08 | E57: =IF(C57>0,D57/C57*100,0) -> 97.763522 | F57: 1.1548881e+08 | G57: =IF(C57>0,F57/C57*100,0) -> 97.763522 | H57: 0
A58: Juros e Encargos da Dívida | E58: =IF(C58>0,D58/C58*100,0) -> 0 | G58: =IF(C58>0,F58/C58*100,0) -> 0
A59: Outras Despesas Correntes | B59: 159332800 | C59: 1.8929144e+08 | D59: 1.7693497e+08 | E59: =IF(C59>0,D59/C59*100,0) -> 93.47225 | F59: 1.6432275e+08 | G59: =IF(C59>0,F59/C59*100,0) -> 86.809394 | H59: 12612217
A60: DESPESAS DE CAPITAL | B60: =SUM(B61:B63) -> 819500 | C60: =SUM(C61:C63) -> 8303275.8 | D60: =SUM(D61:D63) -> 7531368.3 | E60: =IF(C60>0,D60/C60*100,0) -> 90.703579 | F60: =SUM(F61:F63) -> 5021416.9 | G60: =IF(C60>0,F60/C60*100,0) -> 60.475131 | H60: =SUM(H61:H63) -> 2509951.4
A61: Investimentos | B61: 819500 | C61: 8303275.8 | D61: 7531368.3 | E61: =IF(C61>0,D61/C61*100,0) -> 90.703579 | F61: 5021416.9 | G61: =IF(C61>0,F61/C61*100,0) -> 60.475131 | H61: 2509951.4
A62: Inversões Financeiras | E62: =IF(C62>0,D62/C62*100,0) -> 0 | G62: =IF(C62>0,F62/C62*100,0) -> 0
A63: Amortização da Dívida | E63: =IF(C63>0,D63/C63*100,0) -> 0 | G63: =IF(C63>0,F63/C63*100,0) -> 0
A64: TOTAL DAS DESPESAS COM SAÚDE (IV) | B64: =B56+B60 -> 258475800 | C64: =C56+C60 -> 3.1572549e+08 | D64: =D56+D60 -> 2.9995514e+08 | E64: =IF(C64>0,D64/C64*100,0) -> 95.005044 | F64: =F56+F60 -> 2.8483297e+08 | G64: =IF(C64>0,F64/C64*100,0) -> 90.215387 | H64: =H56+H60 -> 15122169
A66: DESPESAS COM SAÚDE NÃO COMPUTADAS PARA FINS DE APURAÇÃO DO PERCENTUAL MÍNIMO | B66: DOTAÇÃO | C66: DOTAÇÃO | D66: DESPESAS EMPENHADAS | F66: DESPESAS LIQUIDADAS | H66: Inscritas em Restos a Pagar não Processados7
B67: INICIAL | C67: ATUALIZADA | D67: =CONCATENATE("Até o ", B12) -> Até o Bimestre | E67: % | F67: =CONCATENATE("Até o ", B12) -> Até o Bimestre | G67: %
D68: (h) | E68: (h/IVf)x100 | F68: (i) | G68: (i/IVg)x100
A69: DESPESAS COM INATIVOS E PENSIONISTAS | E69: =IF($D$64>0,D69/$D$64*100,0) -> 0 | G69: =IF($F$64>0,F69/$F$64*100,0) -> 0
A70: DESPESA COM ASSISTÊNCIA À SAÚDE QUE NÃO ATENDE AO PRINCÍPIO DE ACESSO UNIVERSAL | E70: =IF($D$64>0,D70/$D$64*100,0) -> 0 | G70: =IF($F$64>0,F70/$F$64*100,0) -> 0
A71: DESPESAS CUSTEADAS COM OUTROS RECURSOS | B71: =SUM(B72:B74) -> 86211300 | C71: =SUM(C72:C74) -> 1.1251221e+08 | D71: =SUM(D72:D74) -> 1.036351e+08 | E71: =IF($D$64>0,D71/$D$64*100,0) -> 34.550198 | F71: =SUM(F72:F74) -> 99453322 | G71: =IF($F$64>0,F71/$F$64*100,0) -> 34.916365 | H71: =SUM(H72:H74) -> 4181773.1
A72: Recursos de Transferência do Sistema Único de Saúde - SUS | E72: =IF($D$64>0,D72/$D$64*100,0) -> 0 | G72: =IF($F$64>0,F72/$F$64*100,0) -> 0
A73: Recursos de Operações de Crédito | E73: =IF($D$64>0,D73/$D$64*100,0) -> 0 | G73: =IF($F$64>0,F73/$F$64*100,0) -> 0
A74: Outros Recursos | B74: 86211300 | C74: 1.1251221e+08 | D74: 1.036351e+08 | E74: =IF($D$64>0,D74/$D$64*100,0) -> 34.550198 | F74: 99453322 | G74: =IF($F$64>0,F74/$F$64*100,0) -> 34.916365 | H74: 4181773.1
A75: OUTRAS AÇÕES E SERVIÇOS NÃO COMPUTADOS | E75: =IF($D$64>0,D75/$D$64*100,0) -> 0 | G75: =IF($F$64>0,F75/$F$64*100,0) -> 0
A76: RESTOS A PAGAR NÃO PROCESSADOS INSCRITOS INDEVIDAMENTE NO EXERCÍCIO SEM DISPONIBILIDADE FINANCEIRA1 | B76: 0 | C76: 0 | D76: 0 | E76: =IF($D$64>0,D76/$D$64*100,0) -> 0 | F76: 0 | G76: =IF($F$64>0,F76/$F$64*100,0) -> 0 | H76: 0
A77: DESPESAS CUSTEADAS COM DISPONIBILIDADE DE CAIXA VINCULADA AOS RESTOS A PAGAR CANCELADOS2 | E77: =IF($D$64>0,D77/$D$64*100,0) -> 0 | G77: =IF($F$64>0,F77/$F$64*100,0) -> 0
A78: DESPESAS CUSTEADAS COM RECURSOS VINCULADOS À PARCELA DO PERCENTUAL MÍNIMO QUE NÃO FOI APLICADA EM AÇÕES E SERVIÇOS DE SAÚDE EM EXERCÍCIOS ANTERIORES3 | E78: =IF($D$64>0,D78/$D$64*100,0) -> 0 | G78: =IF($F$64>0,F78/$F$64*100,0) -> 0
A79: TOTAL DAS DESPESAS COM NÃO COMPUTADAS (V) | B79: =B69+B70+B71+B75+B76+B77+B78 -> 86211300 | C79: =C69+C70+C71+C75+C76+C77+C78 -> 1.1251221e+08 | D79: =D69+D70+D71+D75+D76+D77+D78 -> 1.036351e+08 | E79: =IF($D$64>0,D79/$D$64*100,0) -> 34.550198 | F79: =F69+F70+F71+F75+F76+F77+F78 -> 99453322 | G79: =IF($F$64>0,F79/$F$64*100,0) -> 34.916365 | H79: =H69+H70+H71+H75+H76+H77+H78 -> 4181773.1
A81: TOTAL DAS DESPESAS COM AÇÕES E SERVIÇOS PÚBLICOS DE SAÚDE (VI) = (IV - V) | B81: =B64-B79 -> 172264500 | C81: =C64-C79 -> 2.0321328e+08 | D81: =D64-D79 -> 1.9632005e+08 | E81: =E64-E79 -> 60.454847 | F81: =F64-F79 -> 1.8537965e+08 | G81: =G64-G79 -> 55.299022 | H81: =H64-H79 -> 10940396
A83: PERCENTUAL DE APLICAÇÃO EM AÇÕES E SERVIÇOS PÚBLICOS DE SAÚDE SOBRE A RECEITA DE IMPOSTOS LÍQUIDA E TRANSFERÊNCIAS CONSTITUCIONAIS E LEGAIS (VII%) = (VI(h ou i) / IIIb x 100)6 - LIMITE CONSTITUCIONAL 15%4 e 5 | B83: =IF(D38>0,F81/D38*100,0) -> 26.914369
A85: VALOR REFERENTE À DIFERENÇA ENTRE O VALOR EXECUTADO E O LIMITE MÍNIMO CONSTITUCIONAL [VI(h ou i) - (15 x IIIb)/100]6 | B85: =F81-(15*D38)/100 -> 82063285
A87: EXECUÇÃO DE RESTOS A PAGAR NÃO PROCESSADOS INSCRITOS COM DISPONIBILDADE DE CAIXA | C87: INSCRITOS | D87: CANCELADOS/ PRESCRITOS | E87: PAGOS | F87: A PAGAR | G87: PARCELA CONSIDERADA NO LIMITE
A88: Inscritos em <Exercício de Referência>
A89: Inscritos em <Exercício de Referência - 1>
A90: Inscritos em <Exercício de Referência - 2>
A91: Inscritos em <Exercício de Referência - 2>
A92: Inscritos em <Exercício de Referência - 4>
A93: Inscritos em <Exercícios Anteriores ao de Referência - 4 (Somatório)>
A94: Total | C94: =SUM(C88:C93) -> 0 | D94: =SUM(D88:D93) -> 0 | E94: =SUM(E88:E93) -> 0 | F94: =SUM(F88:F93) -> 0 | G94: =SUM(G88:G93) -> 0
A96: CONTROLE DOS RESTOS A PAGAR CANCELADOS OU PRESCRITOS PARA FINS DE APLICAÇÃO DA DISPONIBILIDADE DE CAIXA CONFORME ARTIGO 24, § 1º e 2º | C96: RESTOS A PAGAR CANCELADOS OU PRESCRITOS | D96: Despesas custeadas no exercício de referência | E96: Saldo Final (Não Aplicado)
C97: Saldo Inicial | D97: (j)
A98: Restos a Pagar Cancelados ou Prescritos em <Exercício de Referência> | B98: =D94 -> 0 | C98: =D77 -> 0 | E98: =C98-D98 -> 0
A99: Restos a Pagar Cancelados ou Prescritos em <Exercício de Referência - 1>
A100: Restos a Pagar Cancelados ou Prescritos em <Exercício de Referência - 2>
A101: Restos a Pagar Cancelados ou Prescritos em <Exercício de Referência - 3>
A102: Restos a Pagar Cancelados ou Prescritos em <Exercício de Referência - 4>
A103: Restos a Pagar Cancelados ou Prescritos em <Exercícios Anteriores ao de Referência - 4 (Somatório)>
A104: Total (VIII) | C104: =SUM(C98:C103) -> 0 | D104: =SUM(D98:D103) -> 0 | E104: =SUM(E98:E103) -> 0
A106: CONTROLE DO VALOR REFERENTE AO PERCENTUAL MÍNIMO NÃO CUMPRIDO EM EXERCÍCIOS ANTERIORES PARA FINS DE APLICAÇÃO DOS RECURSOS VINCULADOS CONFORME ARTIGOS 25 E 26 | C106: LIMITE NÃO CUMPRIDO
C107: Saldo Inicial | D107: Despesas custeadas no exercício de referência | E107: Saldo Final (Não Aplicado)
D108: (k)
A109: Diferença de limite não cumprido em <Exercício de Referência - 1> | C109: =D78 -> 0 | E109: =C109-D109 -> 0
A110: Diferença de limite não cumprido em <Exercício de Referência - 2>
A111: Diferença de limite não cumprido em <Exercício de Referência - 3>
A112: Diferença de limite não cumprido em <Exercício de Referência - 4>
A113: Diferença de limite não cumprido em <Exercício de Referência - 5>
A114: Diferença de limite não cumprido em <Exercícios Anteriores ao de Referência – 5 (Somatório)>
...

Sheet RREO-Anexo 13
A2: PREFEITURA MUNICIPAL DE INDAIATUBA
A3: Av. Eng. Fabio R. Barnabe, 2800 - Jd. Esplanada II
A4: C.N.P.J. 44.733.608/0001-09
A5: Telefone: (19) 3834-9000
A6: Tabela 13 - Demonstrativo das Parcerias Público Privadas
A8: PREFEITURA MUNICIPAL DE INDAIATUBA
A9: RELATÓRIO RESUMIDO DA EXECUÇÃO ORÇAMENTÁRIA
A10: DEMONSTRATIVO DAS PARCERIAS PÚBLICO-PRIVADAS
A11: ORÇAMENTOS FISCAL E DA SEGURIDADE SOCIAL
A12: Período: 6º Bimestre | B12: =IF(IFERROR(SEARCH("SEMESTRE",A12,1),0)>0,"Semestre",IF(IFERROR(SEARCH("QUADRIMESTRE",A12,1),0)>0,"Quadrimestre",IF(IFERROR(SEARCH("TRIMESTRE",A12,1),0)>0,"Trimestre",IF(IFERROR(SEARCH("BIMESTRE",A12,1),0)>0,"Bimestre","Mês")))) -> Bimestre
A16: RREO - Anexo 13 (Lei nº 11.079, de 30.12.2004, arts. 22, 25 e 28) | D16: Em reais
A17: ESPECIFICAÇÃO | B17: SALDO | C17: REGISTROS EFETUADOS EM <EXERCÍCIO>
B18: DO EXERCÍCIO | C18: =CONCATENATE("No ", B12) -> No Bimestre | D18: =CONCATENATE("Até o ", B12) -> Até o Bimestre
B19: ANTERIOR
B20: (a) | D20: (b)
A21: TOTAL DE ATIVOS | B21: =B22 -> 0 | C21: =C22 -> 0 | D21: =D22 -> 0
A22: Ativos Constituídos pela SPE
A23: TOTAL DE PASSIVOS | B23: =SUM(B24:B26) -> 0 | C23: =SUM(C24:C26) -> 0 | D23: =SUM(D24:D26) -> 0
A24: Obrigações decorrentes de Ativos Constituídos pela SPE
A25: Provisões de PPP
A26: Outros Passivos
A27: ATOS POTENCIAIS PASSIVOS | B27: =SUM(B28:B31) -> 0 | C27: =SUM(C28:C31) -> 0 | D27: =SUM(D28:D31) -> 0
A28: Obrigações Contratuais
A29: Riscos não Provisionados
A30: Garantias Concedidas
A31: Outros Passivos Contingentes
B41: EXERCÍCIO | C41: EXERCÍCIO | D41: <EC + 1> | E41: <EC + 2> | F41: <EC + 3> | G41: <EC + 4> | H41: <EC + 5> | I41: <EC + 6> | J41: <EC + 7> | K41: <EC + 8> | L41: <EC + 9>
A42: DESPESAS DE PPP | B42: ANTERIOR | C42: CORRENTE
C43: (EC)
A44: Do Ente Federado, exceto estatais não dependentes (I)
A49: Das Estatais Não-Dependentes
A54: TOTAL DAS DESPESAS
A55: PPP A CONTRATAR (II)
A56: RECEITA CORRENTE LÍQUIDA (RCL) (III)
A57: TOTAL DAS DESPESAS CONSIDERADAS PARA O LIMITE (IV = I + II)
A58: TOTAL DAS DESPESAS / RCL (%) (V) = (IV)/(III)
A59: FONTE: Sistema CECAM, Unidade Responsável: CONTABILIDADE. Emissão: 24/01/2020, às 14:10:28. Assinado Digitalmente no dia 24/01/2020, às 14:10:28.
A65: NILSON ALCIDES GASPAR | B65: MARIANA ALVES RIZATO | H65: LUIS HENRIQUE BORTOLETTO
A66: PREFEITO MUNICIPAL | B66: CONTADORA | H66: COORDENADOR DE SERVIÇOS DE CONTABILIDADE
B67: CRC - SP 321123/O-4 | H67: CRC-SP 289944/O-3

Sheet RREO-Anexo 14
A2: PREFEITURA MUNICIPAL DE INDAIATUBA
A3: Av. Eng. Fabio R. Barnabe, 2800 - Jd. Esplanada II
A4: C.N.P.J. 44.733.608/0001-09
A5: Telefone: (19) 3834-9000
A6: Tabela 14 - Demonstrativo Simplificado do Relatório Resumido da Execução Orçamentária
A8: PREFEITURA MUNICIPAL DE INDAIATUBA
A9: RELATÓRIO RESUMIDO DA EXECUÇÃO ORÇAMENTÁRIA
A10: DEMONSTRATIVO SIMPLIFICADO DO RELATÓRIO RESUMIDO DA EXECUÇÃO ORÇAMENTÁRIA
A11: ORÇAMENTOS FISCAL E DA SEGURIDADE SOCIAL
A12: Período: 6º Bimestre | B12: =IF(IFERROR(SEARCH("SEMESTRE",A12,1),0)>0,"Semestre",IF(IFERROR(SEARCH("QUADRIMESTRE",A12,1),0)>0,"Quadrimestre",IF(IFERROR(SEARCH("TRIMESTRE",A12,1),0)>0,"Trimestre",IF(IFERROR(SEARCH("BIMESTRE",A12,1),0)>0,"Bimestre","Mês")))) -> Bimestre
A18: RREO - Anexo XVIII (LRF, Art. 48) | B18: Em Reais
A19: BALANÇO ORÇAMENTÁRIO | B19: =CONCATENATE("Até o ", B12) -> Até o Bimestre
A20: RECEITAS
A21: Previsão Inicial | B21: ='RREO-Anexo 01'!B96 -> 1079000000
A22: Previsão Atualizada | B22: ='RREO-Anexo 01'!C96 -> 1.121342e+09
A23: Receitas Realizadas | B23: ='RREO-Anexo 01'!F96 -> 1.3906632e+09
A24: Déficit Orçamentário | B24: ='RREO-Anexo 01'!F95 -> 0
A25: Saldos de Exercícios Anteriores (Utilizados para Créditos Adicionais) | B25: ='RREO-Anexo 01'!C97 -> 2.5302501e+08
A26: DESPESAS
A27: Dotação Inicial | B27: ='RREO-Anexo 01'!B127 -> 1053358800
A28: Créditos Adicionais | B28: =B29-B27 -> 3.0155197e+08
A29: Dotação Atualizada | B29: ='RREO-Anexo 01'!C127 -> 1.3549108e+09
A30: Despesas Empenhadas | B30: ='RREO-Anexo 01'!E127 -> 1.2366332e+09
A31: Despesas Liquidadas | B31: ='RREO-Anexo 01'!H127 -> 1.1669466e+09
A32: Despesas Pagas | B32: ='RREO-Anexo 01'!J127 -> 1.1380444e+09
A33: Superávit Orçamentário | B33: =IF(A12="Período: 6º Bimestre",'RREO-Anexo 01'!E128,'RREO-Anexo 01'!H128) -> 1.5403004e+08
A41: DESPESAS POR FUNÇÃO/SUBFUNÇÃO | B41: =CONCATENATE("Até o ", B12) -> Até o Bimestre
A42: Despesas Empenhadas | B42: ='RREO-Anexo 02'!E213 -> 1.2366332e+09
A43: Despesas Liquidadas | B43: ='RREO-Anexo 02'!I213 -> 1.1669466e+09
A51: RECEITA CORRENTE LÍQUIDA - RCL | B51: =CONCATENATE("Até o ", B12) -> Até o Bimestre
A52: Receita Corrente Líquida | B52: ='RREO-Anexo 03'!N49 -> 1.0695231e+09
A60: RECEITAS E DESPESAS DOS REGIMES DE PREVIDÊNCIA | B60: =CONCATENATE("Até o ", B12) -> Até o Bimestre
A61: Regime Próprio de Previdência dos Servidores - PLANO PREVIDENCIÁRIO
A62: Receitas Previdenciárias Realizadas | B62: ='RREO-Anexo 04'!D53 -> 2.7577081e+08
A63: Despesas Previdenciárias Liquidadas | B63: ='RREO-Anexo 04'!D78 -> 68061375
A64: Resultado Previdenciário | B64: ='RREO-Anexo 04'!D79 -> 2.0770944e+08
A65: Regime Próprio de Previdência dos Servidores - PLANO FINANCEIRO
A66: Receitas Previdenciárias Realizadas | B66: ='RREO-Anexo 04'!D162 -> 0
A67: Despesas Previdenciárias Liquidadas | B67: ='RREO-Anexo 04'!D187 -> 0
A68: Resultado Previdenciário | B68: ='RREO-Anexo 04'!D188 -> 0
B73: Meta Fixada no | C73: Resultado Apurado | D73: % em Relação à Meta
A74: RESULTADOS NOMINAL E PRIMÁRIO | B74: Anexo de Metas | C74: =CONCATENATE("Até o ", B12) -> Até o Bimestre
B75: Fiscais da LDO
B76: (a) | C76: (b) | D76: (b/a)
A77: Resultado Nominal | B77: ='RREO-Anexo 06'!B103 -> 19889000 | C77: ='RREO-Anexo 06'!B94 -> -26523815 | D77: =IF(C77>0,B77*100/C77,0) -> 0
A78: Resultado Primário | B78: ='RREO-Anexo 06'!B131 -> 0 | C78: ='RREO-Anexo 06'!B122 -> 1.8058711e+08 | D78: =IF(C78>0,B78*100/C78,0) -> 0
A85: RESTOS A PAGAR A PAGAR POR PODER E MINISTÉRIO PÚBLICO | B85: Inscrição | C85: Cancelamento | D85: Pagamento | E85: Saldo
C86: =CONCATENATE("Até o ", B12) -> Até o Bimestre | D86: =CONCATENATE("Até o ", B12) -> Até o Bimestre | E86: a Pagar
A87: RESTOS A PAGAR PROCESSADOS | B87: =SUM(B88:B92) -> 25227566 | C87: =SUM(C88:C92) -> 132266.36 | D87: =SUM(D88:D92) -> 25095300 | E87: =SUM(E88:E92) -> -6.0390448e-10
A88: Poder Executivo | B88: ='RREO-Anexo 07'!B23+'RREO-Anexo 07'!C23+'RREO-Anexo 07'!B40+'RREO-Anexo 07'!C40 -> 25218297 | C88: ='RREO-Anexo 07'!E23+'RREO-Anexo 07'!E40 -> 132266.36 | D88: ='RREO-Anexo 07'!D23+'RREO-Anexo 07'!D40 -> 25086031 | E88: ='RREO-Anexo 07'!F23+'RREO-Anexo 07'!F40 -> -6.0390448e-10
A89: Poder Legislativo | B89: ='RREO-Anexo 07'!B24+'RREO-Anexo 07'!C24+'RREO-Anexo 07'!B41+'RREO-Anexo 07'!C41 -> 9268.54 | C89: ='RREO-Anexo 07'!E24+'RREO-Anexo 07'!E41 -> 0 | D89: ='RREO-Anexo 07'!D24+'RREO-Anexo 07'!D41 -> 9268.54 | E89: ='RREO-Anexo 07'!F24+'RREO-Anexo 07'!F41 -> 0
A90: Poder Judiciário
A91: Ministério Público
A92: Defensoria Pública
A93: RESTOS A PAGAR NÃO-PROCESSADOS | B93: =SUM(B94:B98) -> 70731596 | C93: =SUM(C94:C98) -> 8510907 | D93: =SUM(D94:D98) -> 60353434 | E93: =SUM(E94:E98) -> 1867254.4
A94: Poder Executivo | B94: ='RREO-Anexo 07'!G23+'RREO-Anexo 07'!H23+'RREO-Anexo 07'!G40+'RREO-Anexo 07'!H40 -> 68793895 | C94: ='RREO-Anexo 07'!K23+'RREO-Anexo 07'!K40 -> 8387893.1 | D94: ='RREO-Anexo 07'!J23+'RREO-Anexo 07'!J40 -> 58552494 | E94: =B94-C94-D94 -> 1853507.7
A95: Poder Legislativo | B95: ='RREO-Anexo 07'!G24+'RREO-Anexo 07'!H24+'RREO-Anexo 07'!G41+'RREO-Anexo 07'!H41 -> 1937701.1 | C95: ='RREO-Anexo 07'!K24+'RREO-Anexo 07'!K41 -> 123013.92 | D95: ='RREO-Anexo 07'!J24+'RREO-Anexo 07'!J41 -> 1800940.5 | E95: =B95-C95-D95 -> 13746.66
A96: Poder Judiciário
A97: Ministério Público
A98: Defensoria Pública
A99: TOTAL | B99: =B93+B87 -> 95959162 | C99: =C93+C87 -> 8643173.3 | D99: =D93+D87 -> 85448734 | E99: =E93+E87 -> 1867254.4
B106: Valor Apurado | C106: Limites Constitucionais Anuais
A107: DESPESAS COM MANUTENÇÃO E DESENVOLVIMENTO DO ENSINO | B107: Até o Bimestre | C107: % Mínimo a | D107: % Aplicado
C108: Aplicar no Exercício | D108: =CONCATENATE("Até o ", B12) -> Até o Bimestre
A109: Mínimo Anual de <18% / 25%> das Receitas de Impostos na Manutenção e Desenvolvimento do Ensino | B109: ='RREO-Anexo 08'!B144 -> 1.9651348e+08 | C109: 25 | D109: ='RREO-Anexo 08'!B146 -> 28.285842
A110: Mínimo Anual de 60% do FUNDEB na Remuneração do Magistério com Ensino Fundamental e Médio
A111: Mínimo Anual de 60% do FUNDEB na Remuneração do Magistério com Educação Infantil e Ensino Fundamental | B111: ='RREO-Anexo 08'!F88+'RREO-Anexo 08'!H88-('RREO-Anexo 08'!B98+'RREO-Anexo 08'!B101) -> 89879026 | C111: 60 | D111: ='RREO-Anexo 08'!B107 -> 74.782721
A112: Complementação da União ao FUNDEB
A120: RECEITAS DE OPERAÇÕES DE CRÉDITO E DESPESAS DE CAPITAL | B120: Valor Apurado Até o Bimestre | C120: Saldo não realizado
A121: Receita de Operação de Crédito | B121: ='RREO-Anexo 09'!C19 -> 448485.81 | C121: ='RREO-Anexo 09'!D19 -> 14833623
A122: Despesa de Capital Líquida | B122: ='RREO-Anexo 09'!C30 -> 1.4988313e+08 | C122: ='RREO-Anexo 09'!D30 -> 49219233
A130: PROJEÇÃO ATUARIAL DOS REGIMES DE PREVIDÊNCIA | B130: Exercício | C130: 10º Exercício | D130: 20º Exercício | E130: 35º Exercício
A131: Regime Geral de Previdência Social
A132: Receitas Previdenciárias (I)
A133: Despesas Previdenciárias (II)
A134: Resultado Previdenciário (III) = (I - II)
A135: Regime Próprio de Previdência dos Servidores | B135: =B138 -> 85406035 | C135: =C138 -> 19182647 | D135: =D138 -> -43132928 | E135: =E138 -> -53859592
A136: Receitas Previdenciárias (IV) | B136: ='RREO-Anexo 10'!B22 -> 1.4868538e+08 | C136: ='RREO-Anexo 10'!B32 -> 1.6883255e+08 | D136: ='RREO-Anexo 10'!B42 -> 1.4015689e+08 | E136: ='RREO-Anexo 10'!B57 -> 66115803
A137: Despesas Previdenciárias (V) | B137: ='RREO-Anexo 10'!C22 -> 63279342 | C137: ='RREO-Anexo 10'!C32 -> 1.4964991e+08 | D137: ='RREO-Anexo 10'!C42 -> 1.8328981e+08 | E137: ='RREO-Anexo 10'!C57 -> 1.1997539e+08
A138: Resultado Previdenciário (VI) = (IV - V) | B138: =B136-B137 -> 85406035 | C138: =C136-C137 -> 19182647 | D138: =D136-D137 -> -43132928 | E138: =E136-E137 -> -53859592
A146: RECEITA DA ALIENAÇÃO DE ATIVOS E APLICAÇÃO DOS RECURSOS | B146: Valor Apurado Até o Bimestre | C146: Saldo a Realizar
A147: Receita de Capital Resultante da Alienação de Ativos | B147: ='RREO-Anexo 11'!C19 -> 1930005.6 | C147: ='RREO-Anexo 11'!D19 -> -1909905.6
A148: Aplicação dos Recursos da Alienação de Ativos | B148: ='RREO-Anexo 11'!C28 -> 109597.13 | C148: ='RREO-Anexo 11'!H28 -> 20100
B155: Valor apurado | C155: Limite Constitucional Anual
A156: DESPESAS COM AÇÕES E SERVIÇOS PÚBLICOS DE SAÚDE | B156: Até o Bimestre | C156: % Mínimo a | D156: % Aplicado
C157: Aplicar no Exercício | D157: =IF(IFERROR(FIND("TRIMESTRE",A12,1),0)>0,"Até o Trimestre",IF(IFERROR(FIND("BIMESTRE",A12,1),0)>0,"Até o Bimestre","Até o Mês")) -> Até o Mês
A158: Despesas com Ações e Serviços Públicos de Saúde executadas com recursos de impostos | B158: ='RREO-Anexo 12'!F81+'RREO-Anexo 12'!H81 -> 1.9632005e+08 | C158: 15 | D158: ='RREO-Anexo 12'!B83 -> 26.914369
A166: DESPESAS DE CARÁTER CONTINUADO DERIVADAS DE PPP | B166: Valor Apurado no Exercício Corrente
A167: Total das Despesas / RCL (%) | B167: ='RREO-Anexo 13'!C58 -> 0
A168: FONTE: Sistema CECAM, Unidade Responsável: CONTABILIDADE. Emissão: 24/01/2020, às 14:10:29. Assinado Digitalmente no dia 24/01/2020, às 14:10:29.
A174: NILSON ALCIDES GASPAR | B174: MARIANA ALVES RIZATO
A175: PREFEITO MUNICIPAL | B175: CONTADORA
B176: CRC - SP 321123/O-4
A179: LUIS HENRIQUE BORTOLETTO
A180: COORDENADOR DE SERVIÇOS DE CONTABILIDADE
A181: CRC-SP 289944/O-3
